 Dungeon Crawl Stone Soup version 0.31-a0-1370-gf52a5a9ab3 (webtiles) character file.

Game seed: 12907621655392586994

1796104 Skeral the Hoplite (level 27, 343/343 HPs)
             Began as a Purple Draconian Shapeshifter on Dec 23, 2023.
             Was an Initiate of Gozag.
             Escaped with the Orb
             ... and 3 runes on Dec 24, 2023!
             The game lasted 03:53:32 (64151 turns).

Skeral the Hoplite (Purple Draconian Shapeshifter) Turns: 64151, Time: 03:53:33

Health: 343/343    AC: 43    Str: 19    XL:     27
Magic:  21/21      EV: 23    Int: 10    God:    Gozag
Gold:   6351       SH: 39    Dex: 16    Spells: 30/40 levels left

rFire   + .          .
                       - Unarmed
rCold   . . .        D - +10 tower shield of Ignorance {rN+ Int-4}
rNeg    + + .        (body armour unavailable)
rPois   ∞            K - +3 crown of Dyrovepreva {rElec Int+2 SInv}
rElec   +            v - +4 dragonskin cloak
rCorr   .            (gloves currently unavailable)
SInv    +            (boots currently unavailable)
Will    +++++        X - amulet of Yvamm {Reflect Will+ Regen+ Int+3 SH+5 Stlth+}
Stlth   ++           P - ring "Taaggiel" {rElec rF+ MP-9 AC+4 Slay+4}
HPRegen 1.57/turn    Q - ring "Jarghuxymn" {Fly rC+ Will++ Int-4 Stlth+}
MPRegen 0.17/turn

%: reflection, clarity
@: statue-form, flying, studying 2 skills, very slow
A: slow and powerful, torment resistance 1, boosted hp, (breathe power), AC +13,
unfitting armour, cold-blooded, antennae 1, hooves 1, stinger 1, clarity, clumsy
1, low MP 1, inhibited regeneration, weak 1, wild magic 1, cold vulnerability 1,
devolution 1
0: Orb of Zot
}: 3/15 runes: serpentine, barnacled, abyssal
a: Begin Untransformation, Renounce Religion, Potion Petition, Call Merchant,
Bribe Branch


You escaped.
You worshipped Gozag.
Gozag was greatly pleased with you.
You were a living statue of rough stone.
You visited 14 branches of the dungeon, and saw 56 of its levels.
You visited the Abyss 2 times.
You visited 1 bazaar.
You also visited: Trove, Sewer, Bailey, Gauntlet, Ice Cave, Volcano and Wizlab.

You collected 34831 gold pieces.
You spent 6793 gold pieces at shops.
You paid 21687 gold pieces to Gozag.


Innate Abilities, Weirdness & Mutations

You are a living statue of rough stone.
Your actions are slow, but your melee attacks are powerful.
You are resistant to unholy torment.
Your maximum health is greatly increased.
Your equipment is partially melded.
((You can breathe bolts of dispelling energy.))
((Your rich purple scales are hard. (AC +13)))
You cannot fit into any form of body armour.
You are immune to poison.
You are cold-blooded and may be slowed by cold attacks.
You have a pair of small antennae on your head.
You have large cloven feet.
Your tail ends in a venomous barb.
You possess an exceptional clarity of mind.
You are clumsy. (Dex -2)
Your magical capacity is low. (-10% MP)
You do not regenerate when monsters are visible.
You are weak. (Str -2)
Your spells are a little harder to cast, but a little more powerful.
You are vulnerable to cold. (rC-)
You have hidden genetic defects.


   Skills:
 - Level 24.4 Fighting
 - Level 19.0 Dodging
 - Level 7.0 Stealth
 + Level 24.7 Shields
 - Level 23.7 Unarmed Combat
 - Level 7.0 Spellcasting
 - Level 12.0 Necromancy
 - Level 7.0 Translocations
 - Level 12.0 Earth Magic
 - Level 12.0 Evocations
 - Level 19.7 Shapeshifting


You had 30 spell levels left.
You knew the following spells:

 Your Spells              Type           Power      Damage    Failure   Level
a - Apportation           Tloc           44%        N/A       2%          1
b - Borgnjor's Vile Clut  Necr/Erth      17%        N/A       7%          5
l - Lesser Beckoning      Tloc           44%        N/A       3%          2
B - Blink                 Tloc           44%        N/A       3%          2

Your spell library contained the following spells:

 Spells                   Type           Power      Damage    Failure   Level
 Necrotise                Necr           100%       1d9       1%          1
 Fugue of the Fallen      Necr           35%        N/A       1%          3
 Kiss of Death            Conj/Necr      80%        2d11      3%          1
 Dispel Undead            Necr           35%        3d15      3%          4
 Passwall                 Alch/Erth      16%        N/A       4%          2
 Gell's Gravitas          Tloc           22%        N/A       6%          3
 Teleport Other           Tloc           22%        N/A       6%          3
 Lee's Rapid Deconstruct  Erth           17%        3d11*     7%          5
 Stone Arrow              Conj/Erth      40%        3d9       9%          3
 Cigotuvi's Dreadful Rot  Necr/Alch/Air  28%        N/A       10%         2
 Passage of Golubria      Tloc           22%        N/A       17%         4
 Anguish                  Hex/Necr       10%        N/A       26%         4
 Brom's Barrelling Bould  Conj/Erth      20%        2d4       26%         4
 Freeze                   Ice            16%        1d4       30%         1
 Magic Dart               Conj           16%        1d3       30%         1
 Sting                    Conj/Alch      16%        1d4       30%         1
 Summon Small Mammal      Summ           16%        N/A       30%         1
 Death Channel            Necr           17%        N/A       32%         6
 Call Imp                 Summ           8%         N/A       41%         2
 Ensorcelled Hibernation  Hex/Ice        8%         N/A       41%         2
 Jinxbite                 Hex            8%         N/A       41%         2
 Mercury Vapours          Alch/Air       8%         N/A       41%         2
 Searing Ray              Conj           8%         2d4       41%         2
 Dimensional Bullseye     Hex/Tloc       6%         N/A       54%         4
 Iskenderun's Mystic Bla  Conj/Tloc      13%        2d5       54%         4
 Call Canine Familiar     Summ           4%         N/A       63%         3
 Confusing Touch          Hex            4%         N/A       63%         3
 Frozen Ramparts          Ice            8%         1d2       63%         3
 Hailstorm                Conj/Ice       4%         3d5       63%         3
 Inner Flame              Hex/Fire       4%         N/A       63%         3
 Mephitic Cloud           Conj/Alch/Air  4%         N/A       63%         3
 Summon Guardian Golem    Hex/Summ       4%         N/A       63%         3
 Swiftness                Air            4%         N/A       63%         3
 Tukima's Dance           Hex            4%         N/A       63%         3
 Cause Fear               Hex            2%         N/A       95%         4
 Fulminant Prism          Conj/Alch      2%         3d5       95%         4
 Ignite Poison            Fire/Alch      4%         N/A       95%         4
 Sticky Flame             Fire/Alch      4%         2d4       95%         4
 Summon Lightning Spire   Summ/Air       4%         N/A       95%         4
 Bombard                  Conj/Erth      10%        9d2       98%         6
 Alistair's Intoxication  Alch           2%         N/A       100%        5
 Fireball                 Conj/Fire      2%         3d4       100%        5
 Freezing Cloud           Conj/Ice/Air   2%         6-21      100%        5
 Irradiate                Conj/Alch      2%         3d12      100%        5
 Iskenderun's Battlesphe  Conj           4%         2d6       100%        5
 Silence                  Hex/Air        2%         N/A       100%        5
 Yara's Violent Unravell  Hex/Alch       2%         3d3       100%        5
 Conjure Ball Lightning   Conj/Air       2%         3x3d6     100%        6
 Eringya's Noxious Bog    Alch           2%         4d6       100%        6
 Summon Cactus Giant      Summ           2%         N/A       100%        6
 Enfeeble                 Hex            2%         N/A       100%        7
 Haunt                    Necr/Summ      10%        N/A       100%        7
 Malign Gateway           Summ/Tloc      6%         N/A       100%        7
 Orb of Destruction       Conj           2%         9d5       100%        7
 Ozocubu's Refrigeration  Ice            2%         4d7       100%        7
 Spellforged Servitor     Conj/Summ      2%         N/A       100%        7
 Borgnjor's Revivificati  Necr           17%        N/A       100%        8
 Ignition                 Fire           2%         3d3       100%        8
 Infestation              Necr           17%        N/A       100%        8
 Lehudib's Crystal Spear  Conj/Erth      10%        10d4      100%        8
 Summon Horrible Things   Summ           2%         N/A       100%        8
 Death's Door             Necr           17%        N/A       100%        9
 Polar Vortex             Ice            2%         N/A       100%        9
 Animate Armour           Summ/Erth      Unusable   N/A       N/A         4
 Simulacrum               Ice/Necr       Unusable   N/A       N/A         6

Inventory:

Hand Weapons
 E - the +10 trident "Tileunuk" {drain, rN+}
   (You found it on level 2 of the Depths)

   rN+:       It protects you from negative energy.
Missiles
 J - 5 throwing nets {=f!f}
Armour
 m - the +5 tower shield "Eqyivyg" {Will+ Int+3}
   (You found it in a treasure trove)

   Int+3:     It affects your intelligence (+3).
   Will+:     It increases your willpower.
 v - the +4 dragonskin cloak (worn)
   (You took it off Tiamat on level 1 of the Realm of Zot)

   Avatar's Aegis: It grants the wearer a chance to resist fire, cold, poison,
   electricity, acid, and negative energy.
 D - the +10 tower shield of Ignorance (worn) {rN+ Int-4}
   (You found it in a treasure trove)

   Int-4:     It affects your intelligence (-4).
   rN+:       It protects you from negative energy.
 K - the +3 crown of Dyrovepreva (worn) {rElec Int+2 SInv}
   (You bought it in a shop on level 4 of the Depths)

   Int+2:     It affects your intelligence (+2).
   rElec:     It insulates you from electricity.
   SInv:      It lets you see invisible.
 R - a +2 kite shield
   (You took it off a naga warrior on level 4 of the Snake Pit)
Magical Staves
 O - a staff of conjuration {!a}
   (You found it on level 2 of the Depths)
Jewellery
 P - the ring "Taaggiel" (left fist) {rElec rF+ MP-9 AC+4 Slay+4}
   (You took it off a deep elf sorcerer on level 3 of the Elven Halls)

   [ring of protection]

   AC+4:      It affects your AC (+4).
   Slay+4:    It affects your accuracy & damage with ranged weapons and melee
   (+4).
   rF+:       It protects you from fire.
   rElec:     It insulates you from electricity.
   MP-9:      It affects your magic capacity (-9).
 Q - the ring "Jarghuxymn" (right fist) {Fly rC+ Will++ Int-4 Stlth+}
   (You found it on level 9 of the Dungeon)

   [ring of flight]

   Int-4:     It affects your intelligence (-4).
   rC+:       It protects you from cold.
   Will++:    It greatly increases your willpower.
   Fly:       It grants you flight.
   Stlth+:    It makes you more stealthy.
 X - the amulet of Yvamm (around neck) {Reflect Will+ Regen+ Int+3 SH+5 Stlth+}
   (You found it in a Gauntlet)

   [amulet of reflection]

   Reflect:   It reflects blocked missile attacks.
   Int+3:     It affects your intelligence (+3).
   Will+:     It increases your willpower.
   Regen+:    It increases your rate of health regeneration.
   SH+5:      It affects your SH (+5).
   Stlth+:    It makes you more stealthy.
 Y - the ring of Budeanu {rElec rCorr Str+3 Int-4 Slay+2}
   (You took it off a deep elf elementalist on level 3 of the Elven Halls)

   [ring of resist corrosion]

   Str+3:     It affects your strength (+3).
   Int-4:     It affects your intelligence (-4).
   Slay+2:    It affects your accuracy & damage with ranged weapons and melee
   (+2).
   rElec:     It insulates you from electricity.
   rCorr:     It protects you from acid and corrosion.
Talismans
 U - a storm talisman
   (You took it off Sojobo on level 2 of the Vaults)
 V - a granite talisman (active)
   (You found it in a Gauntlet)
Wands
 j - a wand of flame (138)
   (You found it on level 8 of the Dungeon)
 k - a wand of acid (27)
   (You found it on level 4 of the Shoals)
 I - a wand of mindburst (26)
   (You found it on level 5 of the Dungeon)
 M - a wand of digging (14)
   (You found it on level 7 of the Dungeon)
 W - a wand of iceblast (50)
   (You found it on level 2 of the Lair of Beasts)
Scrolls
 d - 18 scrolls of fog
 n - 6 scrolls of torment {!r}
 r - 5 scrolls of summoning
 t - 4 scrolls of silence {!r}
 u - 3 scrolls of revelation
 x - 17 scrolls of poison {!r}
 y - 10 scrolls of blinking {!r}
 C - 11 scrolls of immolation {!r!r}
 F - 14 scrolls of teleportation {@r4}
 L - 13 scrolls of vulnerability {!r!r}
 N - a scroll of enchant armour
 T - 10 scrolls of fear
Potions
 a - 5 potions of lignification {!q}
 e - 22 potions of curing {@q1}
 h - 9 potions of might
 i - 4 potions of attraction {!q}
 l - 5 potions of invisibility
 o - 3 potions of heal wounds {@q2}
 q - 7 potions of enlightenment
 s - 3 potions of cancellation
 w - 8 potions of resistance
 z - 9 potions of magic
 A - 9 potions of haste {@q3}
 B - 2 potions of berserk rage {!q}
 H - 2 potions of brilliance
 S - 4 potions of ambrosia
Miscellaneous
 b - a phial of floods
   (You found it on level 1 of the Lair of Beasts)
 c - a phantom mirror
   (You found it on level 5 of the Lair of Beasts)
 f - a sack of spiders
   (You found it in a Gauntlet)
 g - the horn of Geryon
   (You took it off Geryon in the Vestibule of Hell)
 G - a lightning rod (4/4)
   (You found it on level 4 of the Snake Pit)

Dungeon Overview and Level Annotations

Branches:
Dungeon (15/15)            Temple (1/1) D:4            Lair (5/5) D:11
 Shoals (4/4) Lair:2        Snake (4/4) Lair:3        Slime (4/5) Lair:5
    Orc (2/2) D:10            Elf (3/3) Orc:2        Vaults (4/5) D:13
  Crypt (3/3) Vaults:2       Tomb (1/3) Crypt:3      Depths (4/4) D:15
   Hell (visited)             Dis (0/7) Hell            Geh (0/7) Hell
    Coc (0/7) Hell            Tar (0/7) Hell            Zot (5/5) Depths:4
  Sewer (visited)          Bailey (visited)           IceCv (visited)
Volcano (visited)          WizLab (visited)         Gauntlet (visited)

Altars:
Ashenzari
Cheibriados
Dithmenos
Elyvilon
Fedhas
Gozag
Hepliaklqana
Kikubaaqudgha
Makhleb
Nemelex Xobeh
Okawaru
Qazlal
Ru
Sif Muna
Trog
Uskayaw
Vehumet
Wu Jian
Xom
Yredelemnul
Zin
The Shining One
Jiyva
Lugonu

Shops:
D:2 *   D:6 =   D:10 ?   D:11 *   D:14 (   D:15 !   Orc:2 ([([   Elf:3 ?*!
Shoals:3 [   Snake:1 [(??   Snake:3 [[   Vaults:4 *   Zot:4 *   Depths:1 *
Depths:3 !*[*   Depths:4 [

Portals:
Hell: Depths:1 Depths:2 Depths:3 Depths:4
Abyss: Lair:5 Depths:1 Depths:3
Pandemonium: Depths:2 Depths:4
Ziggurat: Depths:1

Annotations:
Temple 2 transporters
Elf:2 3 runed translucent doors
Zot:4 3 runed translucent doors, exclusion: obsidian statue, Yrhuahis's ghost, legendary GrFi
Zot:5 1 runed translucent door, Hoptod's ghost, master DsFi

......# ##...........####.#
......###..######.#######.#
..........................#
.##......##.####..######.##
.###....###.###..#######..#
..###..###..##..##....###.#
...######......###.§§^###.#
....# #....#..#.'.≈≈.'.'.#
....# #....##.#8'.≈≈.'.'.#
...######....#.###.≈≈.#####
.)###..###......##....#
.###....###.###..######
.##......##.####..###
............##......#
########
.[##....##.###......#
#......# ...........#
#......# #.####.#
..###...######......####.#
#.#


There were no monsters in sight!


Message History

You block the orange demon's attack. x2
The orange demon misses you. You block the orange demon's attack. x3
You punch the orange demon! You kick the orange demon!
You block the orange demon's attack. The orange demon barely misses you.
You pummel the orange demon like a punching bag!!!!
You kill the orange demon!
The hellephant breathes flames at you. The blast of flame hits you.
You resist. 😕 HP[-5]
You take 5 damage, and now have 338/343 hp.
You closely miss the hellephant. You kick the hellephant.
You tail-slap the hellephant.
The hellephant tramples you but does no damage.
You block the hellephant's attack. x2
You pummel the hellephant!! Your kick misses the hellephant.
You block the hellephant's attack. x3
You closely miss the hellephant. You kick the hellephant!
You tail-slap the hellephant, but do no damage.
The hellephant breathes flames at you. The blast of flame misses you.
You pummel the hellephant!! You kick the hellephant.
You tail-slap the hellephant! The hellephant tramples you.
You are shoved backwards! 😕 HP[-6]
You take 6 damage, and now have 332/343 hp.
You punch the hellephant! Your kick misses the hellephant.
The hellephant tramples you but does no damage.
You block the hellephant's attack.
The hellephant gores you but does no damage.
You pummel the hellephant!!
You kick the hellephant, but do no damage.
You tail-slap the hellephant, but do no damage.
The hellephant blinks!
The hellephant breathes flames at you.
The blast of flame hits you but does no damage.
The hellephant breathes flames at you. The blast of flame hits you!!
You resist.
There is a stone staircase leading up here. 😕 HP[-27]
You take 27 damage, and now have 305/343 hp.
You fly upwards.
There is a stone staircase leading down here. 😕 HP[+4]
You regained 4 hp, and now have 309/343 hp. 😕 HP[+2]
You regained 2 hp, and now have 311/343 hp. 😕 HP[+2]
You regained 2 hp, and now have 313/343 hp. 😕 HP[+3]
You regained 3 hp, and now have 316/343 hp. 😕 HP[+2]
You regained 2 hp, and now have 318/343 hp. 😕 HP[+2]
You regained 2 hp, and now have 320/343 hp. 😕 HP[+3]
You regained 3 hp, and now have 323/343 hp. 😕 HP[+2]
You regained 2 hp, and now have 325/343 hp.
Aiming: Dig
Press: ? - help, Shift-Dir - straight line You can't see that place.
The rock shatters into small pieces. 😕 HP[+2]
You regained 2 hp, and now have 327/343 hp. 😕 HP[+3]
You regained 3 hp, and now have 330/343 hp. 😕 HP[+2]
You regained 2 hp, and now have 332/343 hp. 😕 HP[+2]
You regained 2 hp, and now have 334/343 hp. 😕 HP[+3]
You regained 3 hp, and now have 337/343 hp. 😕 HP[+2]
You regained 2 hp, and now have 339/343 hp. 😕 HP[+2]
You regained 2 hp, and now have 341/343 hp. 😎 HP[+2]
Your hp is fully restored (343).
There is a stone staircase leading up here.
You fly upwards.
There is a stone staircase leading down here.
There is a stone staircase leading up, spattered with blood here.
You fly upwards.
There is a stone staircase leading down here.
An Orb Guardian comes into view.
There is a large open door here.
You block the Orb Guardian's attack. x2
There is a large open door here.
You block the Orb Guardian's attack. x2
You barely miss the Orb Guardian. You kick the Orb Guardian.
Your tail-slap misses the Orb Guardian.
You block the Orb Guardian's attack.
You pound the Orb Guardian into fine dust!!!
You kick the Orb Guardian! You block the Orb Guardian's attack.
You punch the Orb Guardian! You kick the Orb Guardian.
You tail-slap the Orb Guardian.
You kill the Orb Guardian!
You now have 6351 gold pieces (gained 32).
There is a large open door here.
There is a staircase leading out of the dungeon here.
You have escaped!

Skill      XL: |  1  2  3  4  5  6  7  8  9 10 11 12 13 14 15 16 17 18 19 20 21 22 23 24 25 26 27 |
---------------+----------------------------------------------------------------------------------+-----
Fighting       | 2 3 4 5 7 9 11 13 14 16 18 19 20 21 22 24 | 24.4
Unarmed Combat | 4 5 6 7 9 10 12 13 14 16 17 18 20 21 22 23 | 23.7
Dodging        | 2 3 5 8 10 12 13 14 15 17 19 | 19.0
Shapeshifting  | 4 5 6 7 8 12 15 16 17 18 19 | 19.7
Evocations     | 3 4 6 9 11 12 | 12.0
Shields        | 3 5 6 7 12 13 14 15 20 24 | 24.7
Spellcasting   | 2 4 6 7 |  7.0
Translocations | 1 5 7 |  7.0
Stealth        | 3 4 6 7 |  7.0
Necromancy     | 3 7 8 9 11 12 | 12.0
Earth Magic    | 3 7 8 9 11 12 | 12.0

Action                     |  1- 3 |  4- 6 |  7- 9 | 10-12 | 13-15 | 16-18 | 19-21 | 22-24 | 25-27 || total
---------------------------+-------+-------+-------+-------+-------+-------+-------+-------+-------++-------
  Melee: Unarmed           |   112 |   148 |   415 |   834 |  1378 |  1189 |  1581 |  1716 |  1493 ||  8866
         Tailslap          |     8 |    28 |    67 |   183 |   256 |   214 |   314 |   363 |   314 ||  1747
         Punch             |     2 |     8 |     7 |     3 |     1 |       |       |       |       ||    21
         Kick              |       |       |       |       |       |       |       |       |   413 ||   413
  Throw: Dart              |       |     2 |    10 |       |       |       |       |       |       ||    12
         Boomerang         |       |       |       |       |       |       |       |     1 |       ||     1
   Cast: Lesser Beckoning  |       |       |       |       |       |       |       |       |     9 ||     9
         Borgnjor's Vile C |       |       |       |       |       |       |       |       |     2 ||     2
 Invoke: Call Merchant     |       |       |       |       |     1 |       |       |     1 |       ||     2
         Potion Petition   |       |       |       |       |       |     1 |     6 |     1 |     5 ||    13
         Bribe Branch      |       |       |       |       |       |       |       |       |     5 ||     5
  Evoke: Wand              |       |     1 |     3 |    10 |     1 |     8 |     1 |     1 |     9 ||    34
         Phantom mirror    |       |       |       |       |       |       |     1 |       |       ||     1
         Lightning rod     |       |       |       |       |       |       |     4 |       |       ||     4
         Sack of spiders   |       |       |       |       |       |       |       |     2 |     1 ||     3
         Horn of Geryon    |       |       |       |       |       |       |       |       |     1 ||     1
    Use: Potion            |     1 |       |       |     5 |       |     3 |     3 |     5 |    16 ||    33
         Scroll            |       |       |     2 |    27 |    12 |     8 |     7 |    10 |    12 ||    78
   Stab: Sleeping          |     1 |     1 |       |       |    15 |    27 |    20 |    23 |    18 ||   105
         Paralysed         |       |       |     7 |     7 |       |       |       |       |       ||    14
         Distracted        |       |       |     4 |     3 |     9 |     7 |    18 |    15 |    20 ||    76
         Invisible         |       |       |       |       |       |       |       |     9 |     6 ||    15
         Confused          |       |       |       |       |       |       |       |       |     5 ||     5
 Armour: Skin              |    60 |    80 |   217 |   421 |   965 |  1150 |  1102 |  1163 |  1092 ||  6250
  Dodge: Dodged            |    51 |    83 |   237 |   633 |   836 |   915 |   846 |   913 |   996 ||  5510
  Block: Other             |       |       |       |    57 |    72 |       |       |       |       ||   129
         Reflection        |       |       |       |     1 |    48 |    97 |   164 |    38 |    25 ||   373
         Buckler           |       |       |       |       |   713 |   856 |       |       |       ||  1569
         Kite shield       |       |       |       |       |       |   412 |  1936 |  1785 |  1667 ||  5800
         Tower shield      |       |       |       |       |       |       |       |       |    31 ||    31
   Form: Flux              |       |     1 |     1 |       |       |       |       |       |       ||     2
         Beast             |       |     1 |       |       |       |       |       |       |       ||     1
         Statue            |       |       |       |       |     2 |       |       |       |       ||     2
                           |       |       |       |       |     1 |       |       |       |       ||     1

Levels and vault maps discovered:
D:1:      lightli_arrival_lavapool, layout_basic, minivault_19,
          minmay_hexomino_f4
D:2:      layout_rooms, basic_altar, serial_shops,
          nicolae_shop_overgrown_old_shop, corexii_hall_statues_i
D:3:      layout_loops_cross, minmay_overflow_temple_star_hex,
          kennysheep_crisscross, uniq_robin, uniq_sigmund, uniq_terence
D:4:      layout_cave_pools, minmay_temple_entry_proselytizer,
          hangedman_decor_points, chequers_big_river
D:5:      layout_basic, nzn_overflow_gifts_of_might_and_magic,
          mainiacjoe_overflow_cross_hatched, overflow_temple_1_default,
          mainiacjoe_sewer_entry_somewhere_in_here_2, hangedman_decor_slide_cut,
          uniq_blork_the_orc, uniq_prince_ribbit1
D:6:      layout_basic, nemelex_dance_club_becter, vehumet_crystals,
          serial_shops, nicolae_shop_crystal
D:7:      cheibrodos_fzero, layout_cave_pods, ebering_ghost_disaster_area,
          uniq_duvessa, uniq_menkaure
D:8:      layout_basic, enter_bailey_6, dk_noncrumbling_2, st_stairs_7,
          kennysheep_nondescript
D:9:      layout_long_grid
D:10:     layout_gridville, orc_0_dummy, serial_shops, nicolae_shop_trees,
          hangedman_decor_clover_reticule, uniq_harold, uniq_psyche
D:11:     layout_loops_corners, dpeg_oklobed_lair, gauntlet_entry_generic,
          serial_shops, shop
D:12:     layout_long_grid, grunt_gozag_statues
D:13:     layout_basic, hellmonk_vaults_order_and_chaos,
          nicolae_looking_at_the_future
D:14:     layout_roguey, hellmonk_ghost_happy_afterlife, minmay_misc_feat_alley,
          serial_shops, nicolae_shop_mannequins,
          nicolae_trove_entry_path_of_doom, serial_bayou_pond_a
D:15:     hangedman_depths_entry_civil_slaughter, layout_basic
Temple:   hellmonk_temple_divided_pantheon
Lair:1:   layout_gridlike, lemuel_fruit_fields, grunt_megastairs_5,
          infiniplex_staircase_pool_2, lemuel_fruit_fields
Lair:2:   layout_loops_ring, elwin_shoals_entry_rocks, enter_volcano_2,
          uniq_nergalle, uniq_fannar
Lair:3:   layout_misc_corridors, nicolae_snake_entry_squirm, worms_lemuel,
          grunt_megastairs_1
Lair:4:   layout_cave_shapes, kennysheep_abandoned_house
Lair:5:   hellmonk_lair_end_abyssal_woods, layout_long_grid,
          dpeg_slime_entry_enclosed, portal_ice_cave_entry_pillars_1
Shoals:1: layout_shoals, nicolae_shoals_water_booths
Shoals:2: nzn_motion_control, layout_shoals, uniq_polyphemus
Shoals:3: layout_shoals, serial_shops, nicolae_diamond_shop, uniq_ilsuiw
Shoals:4: shoals_end_grunt_garden, layout_shoals, lemuel_oklob_altar,
          uniq_roxanne, uniq_louise, uniq_mara
Snake:1:  layout_layer_cave, minmay_shop_star, serial_bayou_shore_b
Snake:2:  nrook_guardian_serpent_snake_passage, layout_misc_corridors,
          serial_library_hellmonk_semicircle, serial_bayou_shore_a
Snake:3:  layout_onion_interference, basic_altar, minmay_shoptagon
Snake:4:  grunt_snake_rune_serpentine_throne, layout_layer_cave,
          hangedman_venom_bottle
Slime:1:  layout_caves
Slime:2:  layout_caves, nicolae_slime_barrier
Slime:3:  layout_caves, cheibrodos_slime_lost_civilization_6
Slime:4:  layout_caves, cheibrodos_slime_lost_civilization_7
Orc:1:    layout_caves
Orc:2:    grunt_orc_community_town_hall, layout_caves,
          grunt_orc_community_big_house_2, grunt_orc_community_big_house_2,
          grunt_orc_community_house_3, grunt_orc_community_house_2,
          grunt_orc_community_house_1, grunt_orc_community_house_1, basic_altar,
          uniq_erolcha, uniq_nessos
Elf:1:    minmay_elf_arrival_plus, layout_gridlike,
          nicolae_elf_shapeshifter_party, nicolae_elf_deep_friendship
Elf:2:    elven_hall_of_blades_hangedman_original [nicolae_blade_bullseye],
          layout_geoelf_octagon, uniq_saint_roka
Elf:3:    minmay_elf_hall_furrowed, layout_rooms, serial_shops, shop_coins,
          shop, nicolae_shop_behind_doors, grunt_megastairs_4
Vaults:1: nicolae_vaults_tetromino_Z_1, grunt_vaults_funnel,
          vaults_room_grunt_arrival_ludios,
          vaults_room_grunt_arrival_checkpoint, nicolae_vaults_apartment_1,
          vaults_room_stairs_pillars, nicolae_vaults_wrenched,
          grunt_vaults_twisty, nicolae_vaults_tangram_1,
          nicolae_vaults_storage_closets_1, vaults_room_large_hall,
          nicolae_vaults_circle_grid_a, layout_vaults_omnibox
Vaults:2: infiniplex_enter_wizlab_water, nicolae_vaults_know_your_exits,
          nicolae_vaults_network_star, vaults_dpeg_spiral,
          hangedman_vaults_maws, v_misc_5, minmay_crypt_entry_skeletal_spiral,
          nicolae_vaults_house_1, nicolae_vaults_mini_display_case,
          vaults_dpeg_cross, nicolae_vaults_cornered_office,
          nicolae_vaults_offset_grid_hallway_2, nicolae_vaults_tetromino_Z_1,
          layout_vaults_omnicross, uniq_zenata, uniq_sojobo
Vaults:3: kennysheep_ogre_elephant_herders, nicolae_vaults_storage_room_water,
          vaults_room_grid, nicolae_vaults_offset_grid_hallway_2, v_rooms_5,
          nicolae_vaults_shelves_hall, vaults_room_hallway,
          nicolae_vaults_diamond_2, nicolae_vaults_three_branches,
          nicolae_vaults_rhombus_6, nicolae_vaults_tetromino_T_2,
          layout_vaults_ring
Vaults:4: v_pattern_3, nicolae_vaults_surprise_closet,
          nicolae_vaults_security_offices_4, ontoclasm_vaults_pinch,
          ontoclasm_vaults_decontamination, hangedman_vaults_river_flow,
          nicolae_vaults_alarming, nicolae_vaults_closet_pinwheel_4,
          nicolae_vaults_surprise_closet, layout_vaults_omnigrid, serial_shops,
          shop
Crypt:1:  layout_basic, minivault_23, grunt_megastairs_3,
          grunt_crypt_arrival_split
Crypt:2:  layout_catacombs
Crypt:3:  grunt_crypt_end_deaths_head
Tomb:1
Depths:1: layout_roguey, enter_ziggurat_c, minmay_misc_feat_columns,
          serial_shops, nicolae_shop_statue_plus, gammafunk_ghost_ooze,
          abyss_entry, grunt_hell_entry_dis_mu, kennysheep_generic_room_16,
          uniq_aizul, uniq_nikola
Depths:2: minmay_stepped, layout_gridlike, grunt_pan_entry_zigzag, hell_entry,
          infiniplex_staircase_zigzag_4, serial_sigils_hangedman_quiver,
          chequers_serial_rivers_micro_a, door_vault
Depths:3: hangedman_six_sided_sadism, layout_cave_shapes, fedhas_altar_4,
          hangedman_coc_ice_floe, serial_shops, bzr_in_the_mist,
          nicolae_abyss_entry_one_way_or_another, nicolae_wooded_promenade
Depths:4: grunt_twist_and_shout, layout_gridlike, pan_entry,
          pf_hell_entry_tar_spiral, chequers_serial_rivers_micro_c,
          serial_shops, shop_statue
Hell
Zot:1:    regret_index_infernal_bastille, layout_gridville,
          regret_index_zotdec_golden_two_three, grunt_ministairs_9, uniq_tiamat
Zot:2:    layout_basic, uniq_josephina
Zot:3:    layout_gridville, hellmonk_body_bag
Zot:4:    kennysheep_oblong_rooms, layout_onion_interference,
          ebering_ghost_gozag
Zot:5:    layout_gridlike, gammafunk_ghost_grave

Notes
Turn   | Place    | Note
-------+----------+-------------------------------------------
     0 | D:1      | Skeral the Draconian Shapeshifter began the quest for the
                  | Orb.
     0 | D:1      | Reached XP level 1. HP: 16/16 MP: 1/1
     0 | D:1      | magus.rc [v1.10.3]
   379 | D:1      | Reached XP level 2. HP: 19/24 MP: 2/2
   468 | D:1      | Reached skill level 2 in Fighting
   756 | D:1      | Reached XP level 3. HP: 21/30 MP: 3/3
  1059 | D:2      | HP: 7/30 [poisoned by a kobold]
  1062 | D:1      | HP: 3/30 [poisoned by a kobold]
  1064 | D:1      | HP: 1/30 [poisoned by a kobold]
  1294 | D:2      | Found Oddituh's Assorted Antiques.
  1305 | D:2      | Bought a scroll labelled IBRUPNUTEU for 23 gold pieces
  1305 | D:2      | Bought a scroll labelled GIDULUODAD for 23 gold pieces
  1305 | D:2      | Bought a scroll labelled TUCVAVOLEU for 23 gold pieces
  1401 | D:2      | Found a sparkling altar of Nemelex Xobeh.
  1446 | D:2      | Reached skill level 4 in Unarmed Combat
  1566 | D:2      | Reached skill level 3 in Fighting
  1717 | D:3      | Noticed Terence
  1734 | D:3      | Killed Terence
  1735 | D:3      | Reached XP level 4. HP: 19/38 MP: 4/4
  1895 | D:3      | Noticed a phantom
  1912 | D:3      | Killed a phantom
  1913 | D:3      | Reached XP level 5. HP: 40/46 MP: 5/5
  1965 | D:3      | Noticed Sigmund
  2180 | D:3      | Noticed Robin
  2201 | D:3      | Killed Robin
  2425 | D:3      | Reached skill level 4 in Fighting
  2425 | D:3      | Reached skill level 2 in Dodging
  2513 | D:4      | Reached XP level 6. HP: 46/52 MP: 6/6
  2534 | D:4      | Reached skill level 5 in Unarmed Combat
  2537 | D:4      | HP: 13/53 [poisoned by a scorpion]
  2542 | D:4      | HP: 10/53 [poisoned by a scorpion]
  2790 | D:4      | Found a staircase to the Ecumenical Temple.
  2799 | Temple   | Found a transporter.
  2799 | Temple   | Found a transporter.
  2799 | Temple   | Found a transporter.
  2799 | Temple   | Found a transporter.
  2799 | Temple   | Entered the Ecumenical Temple
  2831 | Temple   | Became a worshipper of Gozag Ym Sagoz the Greedy
  3030 | D:4      | Reached skill level 4 in Shapeshifting
  3308 | D:4      | You pick up a book of Cantrips and begin reading...
  3308 | D:4      | You add the spells Sting, Necrotise, Summon Small Mammal
                  | and Apportation to your library.
  3548 | D:3      | Found a burning altar of Makhleb.
  3551 | D:3      | Found an iron altar of Okawaru.
  3551 | D:3      | Found a broken altar of Ashenzari.
  3577 | D:3      | Found a glowing golden altar of the Shining One.
  3582 | D:3      | Found a sacrificial altar of Ru.
  3726 | D:3      | Killed Sigmund
  3727 | D:3      | Reached skill level 5 in Fighting
  3727 | D:3      | Reached skill level 3 in Dodging
  3727 | D:3      | Your scales start taking on a rich purple colour.
  3727 | D:3      | Reached XP level 7. HP: 35/61 MP: 7/7
  3846 | D:5      | Entered Level 5 of the Dungeon
  3846 | D:5      | Noticed Prince Ribbit
  3970 | D:5      | Found a glowing drain.
  3990 | Sewer    | Entered a sewer
  4255 | Sewer    | Reached skill level 6 in Unarmed Combat
  4255 | Sewer    | Reached skill level 5 in Shapeshifting
  4441 | Sewer    | Reached XP level 8. HP: 66/70 MP: 8/8
  4506 | D:5      | Found a shadowy altar of Dithmenos.
  4508 | D:5      | Noticed Blork the orc
  4642 | D:5      | Killed Blork the orc
  4643 | D:5      | Reached skill level 6 in Fighting
  4779 | D:5      | Found a blossoming altar of Fedhas.
  4827 | D:5      | Killed Prince Ribbit
  4944 | D:5      | Found a shimmering blue altar of Sif Muna.
  4956 | D:5      | Got Sif Muna's Quarto of Geology
  4961 | D:5      | Found a bloodstained altar of Trog.
  5156 | D:5      | Reached skill level 7 in Unarmed Combat
  5156 | D:5      | Reached skill level 6 in Shapeshifting
  5223 | D:5      | Reached skill level 7 in Fighting
  5484 | D:6      | Found a sparkling altar of Nemelex Xobeh.
  5538 | D:6      | Found Qutirph's Jewellery Shop.
  5601 | D:6      | Bought a +4 ring of protection for 432 gold pieces
  5653 | D:6      | Reached XP level 9. HP: 78/79 MP: 9/9
  5925 | D:6      | Found a radiant altar of Vehumet.
  6158 | D:7      | You pick up a book of Dreams and begin reading...
  6158 | D:7      | You add the spells Ensorcelled Hibernation, Fugue of the
                  | Fallen and Anguish to your library.
  6169 | D:7      | Found a large runed translucent door.
  6170 | D:7      | Found a large runed translucent door.
  6173 | D:7      | Noticed Tollund's ghost (novice HOMo)
  6251 | D:7      | You pick up a book of Conjurations and begin reading...
  6251 | D:7      | You add the spells Magic Dart, Searing Ray and Fulminant
                  | Prism to your library.
  6333 | D:7      | Reached skill level 1 in Evocations
  6404 | D:7      | Reached skill level 8 in Fighting
  6490 | D:7      | Reached skill level 8 in Unarmed Combat
  6490 | D:7      | Reached skill level 2 in Evocations
  6490 | D:7      | Reached skill level 7 in Shapeshifting
  6753 | D:7      | Reached skill level 3 in Evocations
  6961 | D:7      | Reached skill level 9 in Fighting
  6998 | D:7      | Noticed Duvessa
  6998 | D:7      | Noticed Dowan
  7010 | D:7      | Killed Duvessa
  7020 | D:7      | Killed Dowan
  7075 | D:7      | Noticed Menkaure
  7090 | D:7      | Reached skill level 9 in Unarmed Combat
  7113 | D:7      | Reached XP level 10. HP: 78/91 MP: 10/10
  7125 | D:7      | Killed Menkaure
  7149 | D:7      | HP: 21/91 [poisoned by a kobold brigand]
  7154 | D:7      | HP: 12/91 [poisoned by a kobold brigand]
  7998 | D:8      | Reached skill level 10 in Fighting
  8200 | D:8      | Found a flagged portal.
  8225 | D:8      | Reached skill level 10 in Unarmed Combat
  8255 | Bailey   | Entered a bailey
  8372 | Bailey   | Reached skill level 11 in Fighting
  8401 | Bailey   | Noticed a vault guard
  8462 | Bailey   | Killed a vault guard
  8582 | Bailey   | Noticed a vault guard
  8606 | Bailey   | Killed a vault guard
  8607 | Bailey   | Reached skill level 4 in Evocations
  8607 | Bailey   | Reached XP level 11. HP: 77/102 MP: 11/11
  9251 | D:9      | Reached skill level 4 in Dodging
  9409 | D:9      | Identified the ring "Jarghuxymn" {Fly rC+ Will++ Int-4
                  | Stlth+}
  9447 | D:9      | Reached skill level 11 in Unarmed Combat
  9966 | D:10     | Entered Level 10 of the Dungeon
 10059 | D:10     | Found a staircase to the Orcish Mines.
 10082 | D:10     | Noticed Harold
 10094 | D:10     | Killed Harold
 10095 | D:10     | Reached skill level 5 in Evocations
 10512 | D:10     | Noticed a two-headed ogre
 10581 | D:10     | Found Ololeori's Magic Scroll Shoppe.
 10595 | D:10     | Bought a scroll of revelation for 97 gold pieces
 10595 | D:10     | Bought a scroll of fear for 52 gold pieces
 10595 | D:10     | Bought 3 scrolls of identify for 78 gold pieces
 10595 | D:10     | Bought a scroll of noise for 13 gold pieces
 10595 | D:10     | Bought a scroll of fear for 52 gold pieces
 11048 | D:10     | Noticed Psyche
 11056 | D:10     | Killed Psyche
 11062 | D:10     | magus.rc [v1.10.3]
 11104 | D:11     | Reached skill level 5 in Dodging
 11114 | D:11     | Reached skill level 12 in Fighting
 11166 | D:11     | Noticed a two-headed ogre
 11247 | D:11     | Reached skill level 6 in Evocations
 11324 | D:11     | Found a staircase to the Lair.
 11324 | D:11     | Noticed an oklob plant
 11324 | D:11     | Noticed an oklob plant
 11461 | D:11     | Found Naacverua's Assorted Antiques.
 11495 | D:11     | Bought a scroll of identify for 40 gold pieces
 11495 | D:11     | Bought a potion of curing for 60 gold pieces
 11495 | D:11     | Bought a scroll of identify for 40 gold pieces
 11495 | D:11     | Bought a potion of heal wounds for 100 gold pieces
 11495 | D:11     | Bought a scroll of teleportation for 60 gold pieces
 11559 | D:11     | Killed a two-headed ogre
 11606 | D:11     | Found a gate leading to a gauntlet.
 11662 | Gauntlet | Entered a Gauntlet
 11662 | Gauntlet | Found a transporter.
 11662 | Gauntlet | Found a transporter.
 11664 | Gauntlet | Found a runed translucent door.
 11667 | Gauntlet | Noticed a necromancer
 11668 | Gauntlet | Found a transporter.
 11672 | Gauntlet | Found a transporter.
 11675 | Gauntlet | Found a transporter.
 11675 | Gauntlet | Found a transporter.
 11692 | Gauntlet | Found a transporter.
 11729 | Gauntlet | Found a transporter.
 11732 | Gauntlet | Found a transporter.
 11732 | Gauntlet | Found a transporter.
 11739 | Gauntlet | Noticed a green death
 11745 | Gauntlet | Found a transporter.
 11760 | Gauntlet | Noticed a thrashing horror
 11761 | Gauntlet | Found a transporter.
 11771 | Gauntlet | Found a transporter.
 11773 | Gauntlet | Found the +2 cloak of the Thief {*Fog Slay-2 SInv Stlth+}
 11777 | Gauntlet | Noticed a large abomination
 11781 | Gauntlet | Noticed a large abomination
 11785 | Gauntlet | Found a transporter.
 11883 | Gauntlet | Reached skill level 12 in Unarmed Combat
 12114 | Gauntlet | Identified the amulet of Yvamm {Reflect Will+ Regen+ Int+3
                  | SH+5 Stlth+}
 12125 | Gauntlet | Killed a thrashing horror
 12126 | Gauntlet | Reached skill level 13 in Fighting
 12217 | Gauntlet | Identified the staff "Qeiteth" {rElec rN+ Air}
 12217 | Gauntlet | Identified the ring "Biptafoij" {Ice rElec rPois Str+3
                  | Stlth+}
 12217 | Gauntlet | Noticed a minotaur
 12226 | Gauntlet | Killed a minotaur
 12227 | Gauntlet | Reached XP level 12. HP: 66/115 MP: 12/12
 12313 | Gauntlet | You add the spells Hailstorm, Brom's Barrelling Boulder and
                  | Silence to your library.
 12313 | Gauntlet | Got the Octavo of Harmful Anathema
 12909 | Lair:1   | Entered Level 1 of the Lair of Beasts
 12926 | Lair:1   | Noticed a six-headed hydra
 12940 | Lair:1   | Killed a six-headed hydra
 13022 | Lair:1   | Identified 2 scrolls of acquirement
 13023 | Lair:1   | Acquired a manual of Evocations
 13025 | Lair:1   | Acquired a manual of Shields
 13095 | Lair:1   | Reached skill level 1 in Shields
 13472 | Lair:1   | Reached skill level 2 in Shields
 13884 | Lair:2   | Reached skill level 3 in Shields
 13884 | Lair:2   | Reached skill level 13 in Unarmed Combat
 13884 | Lair:2   | Reached skill level 7 in Evocations
 13911 | Lair:2   | Found a staircase to the Shoals.
 13971 | Lair:2   | Reached skill level 8 in Shapeshifting
 14063 | Lair:2   | Found a dark tunnel.
 14078 | Volcano  | Entered a volcano
 14092 | Volcano  | Noticed a two-headed ogre
 14101 | Volcano  | Killed a two-headed ogre
 14101 | Volcano  | HP: 25/116 [salamander/+2 trident of flaming (13)]
 14102 | Volcano  | Reached skill level 14 in Fighting
 14102 | Volcano  | Reached skill level 8 in Evocations
 14129 | Volcano  | HP: 27/117 [salamander/+2 trident of flaming (5)]
 14270 | Volcano  | Noticed a hell hog
 14279 | Volcano  | Killed a hell hog
 14422 | Lair:2   | Noticed Nergalle
 14441 | Lair:2   | Killed Nergalle
 14442 | Lair:2   | Reached skill level 9 in Evocations
 14536 | Lair:2   | Reached XP level 13. HP: 110/124 MP: 13/13
 14561 | Lair:2   | Noticed Fannar
 14578 | Lair:2   | Killed Fannar
 14788 | Lair:2   | Reached skill level 9 in Shapeshifting
 15173 | Lair:3   | Reached skill level 4 in Shields
 15364 | Lair:3   | Reached skill level 14 in Unarmed Combat
 15367 | Lair:3   | Reached skill level 5 in Shields
 15544 | Lair:3   | Reached skill level 10 in Shapeshifting
 15970 | Lair:3   | Found a staircase to the Snake Pit.
 16170 | Lair:3   | Reached skill level 11 in Shapeshifting
 16544 | Lair:4   | Reached skill level 12 in Shapeshifting
 17074 | Lair:5   | Entered Level 5 of the Lair of Beasts
 17184 | Lair:5   | Reached XP level 14. HP: 107/132 MP: 14/14
 17197 | Lair:5   | Found a frozen archway.
 17211 | IceCv    | Entered an ice cave
 17523 | IceCv    | Identified a +0 crystal plate armour of cold resistance
 17547 | IceCv    | Noticed a reaper
 17579 | IceCv    | Killed a reaper
 17580 | IceCv    | Reached skill level 13 in Shapeshifting
 17653 | IceCv    | You pick up a book of Vapours and begin reading...
 17653 | IceCv    | You add the spells Mercury Vapours, Mephitic Cloud and
                  | Freezing Cloud to your library.
 18241 | Lair:5   | Reached skill level 14 in Shapeshifting
 18844 | Lair:5   | Reached skill level 15 in Shapeshifting
 18889 | Lair:5   | Found a corrupted altar of Lugonu.
 18889 | Lair:5   | Found a one-way gate to the infinite horrors of the Abyss.
 18900 | Lair:5   | You pick up a book of Touch and begin reading...
 18900 | Lair:5   | You add the spells Kiss of Death, Confusing Touch and
                  | Dispel Undead to your library.
 19070 | Lair:5   | Found a viscous altar of Jiyva.
 19070 | Lair:5   | Found a staircase to the Slime Pits.
 19482 | D:11     | HP: 5/159 [titanic slime creature (71)]
 19968 | D:12     | Identified the +1 robe "Zaofugus" {rC+++ Int+3 Dex-3
                  | Stlth+}
 19979 | D:12     | Reached skill level 6 in Shields
 20067 | D:12     | Found an opulent altar of Gozag.
 20274 | D:12     | Learned a level 1 spell: Apportation
 20449 | D:13     | Reached skill level 1 in Spellcasting
 20529 | D:13     | Reached skill level 1 in Translocations
 20563 | D:13     | You add the spells Alistair's Intoxication, Borgnjor's Vile
                  | Clutch and Eringya's Noxious Bog to your library.
 20584 | D:13     | Found a gate to the Vaults.
 20680 | D:13     | Reached skill level 2 in Spellcasting
 20680 | D:13     | Reached XP level 15. HP: 138/138 MP: 16/18
 20712 | D:13     | Reached skill level 6 in Dodging
 20752 | D:13     | Reached skill level 2 in Translocations
 21323 | Orc:1    | Entered Level 1 of the Orcish Mines
 21346 | Orc:1    | Reached skill level 3 in Translocations
 21515 | Orc:2    | Entered Level 2 of the Orcish Mines
 22009 | Orc:2    | Found Otac's Antique Weapon Boutique.
 22132 | Orc:2    | Found Zoghanat's Antique Armour Shoppe.
 22146 | Orc:2    | Bought a glowing hat for 210 gold pieces
 22190 | Orc:2    | Noticed Erolcha
 22191 | Orc:2    | Noticed Nessos
 22197 | Orc:2    | Killed Nessos
 22198 | Orc:2    | Reached skill level 4 in Translocations
 22214 | Orc:2    | Killed Erolcha
 22237 | Orc:2    | Found a radiant altar of Vehumet.
 22392 | Orc:2    | Reached skill level 7 in Dodging
 22430 | Orc:2    | Reached skill level 16 in Shapeshifting
 22472 | Orc:2    | Found Zisytiuq's Antique Armour Shoppe.
 22477 | Orc:2    | Found Qumm's Antique Weapon Emporium.
 22642 | Orc:2    | Found a staircase to the Elven Halls.
 22885 | D:10     | magus.rc [v1.10.3]
 23018 | Snake:1  | Entered Level 1 of the Snake Pit
 23108 | Snake:1  | Reached skill level 5 in Translocations
 23692 | Snake:1  | Found Gaezoube's Antique Armour Boutique.
 23694 | Snake:1  | Found Lihaas's Weapon Shop.
 23696 | Snake:1  | Found Uhoev's Magic Scroll Boutique.
 23706 | Snake:1  | Bought a scroll of fear for 48 gold pieces
 23706 | Snake:1  | Bought a scroll of fear for 48 gold pieces
 23706 | Snake:1  | Bought a scroll of blinking for 90 gold pieces
 23706 | Snake:1  | Bought a scroll of teleportation for 36 gold pieces
 24064 | Snake:1  | Bought a scroll of blinking for 105 gold pieces
 24083 | Snake:2  | Reached skill level 8 in Dodging
 24218 | Snake:2  | Reached skill level 1 in Stealth
 24319 | Snake:2  | Reached skill level 2 in Stealth
 24880 | Snake:3  | Noticed a nagaraja
 24888 | Snake:3  | Killed a nagaraja
 24894 | Snake:3  | Reached skill level 3 in Stealth
 24963 | Snake:3  | Identified the ring "Tergh" {Ice +Blink rPois}
 24970 | Snake:3  | Reached XP level 16. HP: 147/147 MP: 19/19
 25012 | Snake:3  | Found a broken altar of Ashenzari.
 25119 | Snake:3  | Found Ustofud's Antique Armour Shoppe.
 25255 | Snake:3  | Reached skill level 4 in Stealth
 25258 | Snake:3  | Reached skill level 9 in Dodging
 25413 | Snake:3  | Reached skill level 15 in Fighting
 25415 | Snake:3  | Identified the +9 war axe of the New World {holy, Stlth+}
 25741 | Snake:3  | Reached skill level 15 in Unarmed Combat
 25779 | Snake:3  | Found Ycesk's Armour Emporium.
 25838 | Snake:4  | Entered Level 4 of the Snake Pit
 25959 | Snake:4  | Found a huge runed translucent gate.
 25959 | Snake:4  | Found a huge runed translucent gate.
 25960 | Snake:4  | Found a huge runed translucent gate.
 25960 | Snake:4  | Found a huge runed translucent gate.
 25960 | Snake:4  | Found a huge runed translucent gate.
 26229 | Snake:4  | Identified the amulet "Deiqaler" {Spirit rC+ Str+3}
 26522 | Snake:4  | Reached skill level 10 in Dodging
 26679 | Snake:4  | Reached skill level 16 in Fighting
 27111 | Snake:4  | Reached skill level 16 in Unarmed Combat
 27122 | Snake:4  | HP: 44/197 [anaconda (8)]
 27316 | Snake:4  | Reached skill level 7 in Shields
 27336 | Snake:4  | Reached XP level 17. HP: 159/159 MP: 20/20
 27623 | Snake:4  | Reached skill level 8 in Shields
 27638 | Snake:4  | Got a serpentine rune of Zot
 28024 | Lair:2   | magus.rc [v1.10.3]
 28036 | Shoals:1 | Entered Level 1 of the Shoals
 28321 | Shoals:1 | Reached skill level 9 in Shields
 28329 | Shoals:1 | Reached skill level 17 in Fighting
 28504 | Shoals:2 | Noticed Polyphemus
 28852 | Shoals:2 | Reached skill level 10 in Shields
 29088 | Shoals:2 | Killed Polyphemus
 29089 | Shoals:2 | Reached skill level 17 in Unarmed Combat
 29130 | Shoals:2 | Reached skill level 11 in Shields
 29455 | Shoals:3 | Found Qinul's Antique Armour Shoppe.
 29690 | Shoals:3 | Noticed Ilsuiw
 29732 | Shoals:3 | Killed Ilsuiw
 29818 | Shoals:3 | You pick up a book of Hexes and begin reading...
 29818 | Shoals:3 | You add the spells Cause Fear and Enfeeble to your library.
 29829 | Shoals:3 | Noticed a kraken
 29870 | Shoals:3 | You pick up a book of Callings and begin reading...
 29870 | Shoals:3 | You add the spells Call Canine Familiar and Summon Guardian
                  | Golem to your library.
 29957 | Shoals:4 | Entered Level 4 of the Shoals
 30053 | Shoals:4 | Reached skill level 12 in Shields
 30096 | Shoals:4 | Reached skill level 18 in Fighting
 30126 | Shoals:4 | Reached XP level 18. HP: 172/172 MP: 21/21
 30130 | Shoals:4 | Noticed Louise
 30133 | Shoals:4 | Noticed Mara
 30170 | Shoals:4 | Killed Mara
 30182 | Shoals:4 | Killed Louise
 30306 | Shoals:4 | You pick up a book of Weapons and begin reading...
 30306 | Shoals:4 | You add the spells Tukima's Dance, Dimensional Bullseye and
                  | Iskenderun's Mystic Blast to your library.
 30313 | Shoals:4 | You pick up a book of Power and begin reading...
 30313 | Shoals:4 | You add the spells Iskenderun's Battlesphere, Bombard and
                  | Spellforged Servitor to your library.
 30543 | Shoals:4 | Noticed Roxanne
 30561 | Shoals:4 | Killed Roxanne
 30651 | Shoals:4 | Got a barnacled rune of Zot
 30711 | Shoals:4 | Found a burning altar of Makhleb.
 30725 | Shoals:4 | Identified the +4 rapier of Fear {drain, rPois rF+}
 31295 | D:7      | Killed Tollund's ghost
 31296 | D:7      | Reached skill level 18 in Unarmed Combat
 31477 | Vaults:1 | Entered Level 1 of the Vaults
 31815 | Vaults:1 | Reached skill level 19 in Fighting
 32145 | Vaults:1 | You add the spells Malign Gateway and Summon Horrible
                  | Things to your library.
 32148 | Vaults:1 | You pick up a book of Minor Magic and begin reading...
 32148 | Vaults:1 | You add the spells Blink and Call Imp to your library.
 32365 | Vaults:1 | Reached skill level 13 in Shields
 32873 | Vaults:2 | Noticed Zenata
 32890 | Vaults:2 | Killed Zenata
 32891 | Vaults:2 | Reached XP level 19. HP: 184/184 MP: 22/22
 32909 | Vaults:2 | a +5 eveningstar {rare}; a +0 leather armour
 33013 | Vaults:2 | Reached skill level 19 in Unarmed Combat
 33062 | Vaults:2 | Found a magical portal.
 33075 | Vaults:2 | Identified the +5 mace of Circular Logic {antimagic, Fly
                  | rN+ Stlth+}
 33203 | Vaults:2 | Reached skill level 20 in Fighting
 33274 | Vaults:2 | Reached skill level 14 in Shields
 33319 | WizLab   | Entered Zonguldrok's Shrine
 33642 | WizLab   | Reached skill level 20 in Unarmed Combat
 33688 | WizLab   | Noticed an antique champion
 33688 | WizLab   | Noticed an antique champion
 33688 | WizLab   | An antique champion is wielding the +9 sword of Zonguldrok
                  | {reap}. An antique champion is wielding a +0 double sword
                  | of draining.
 33704 | WizLab   | Aim: an antique champion, wielding the +9 sword of
                  | Zonguldrok {reap}, wearing +0 shadow dragon scales and
                  | wearing a +0 kite shield (fast, strong, 67% to hit)
 33704 | WizLab   | Aim: an antique champion, wielding the +9 sword of
                  | Zonguldrok {reap}, wearing +0 shadow dragon scales and
                  | wearing a +0 kite shield (fast, strong, 67% to hit)
 33713 | WizLab   | Killed an antique champion
 33739 | WizLab   | HP: 40/221 [antique champion/the +9 sword of Zonguldrok
                  | {reap} (42)]
 33745 | WizLab   | Killed an antique champion
 33767 | WizLab   | a +0 double sword of draining {rare}; +0 shadow dragon
                  | scales {rare}; a +0 kite shield
 33828 | WizLab   | Got the Quarto of Bodies
 33830 | WizLab   | Got Kikubaaqudgha's Compilation of Debased Mysteries
 33878 | WizLab   | Identified the +11 shadow dragon scales of Patience {*Slow
                  | rPois Regen+ Int-5 Stlth++++}
 33889 | WizLab   | a +0 double sword of draining {rare}; +0 shadow dragon
                  | scales {rare}; a +0 kite shield
 34008 | Vaults:2 | Reached skill level 10 in Evocations
 34060 | Vaults:2 | Noticed Sojobo
 34084 | Vaults:2 | Learned a level 5 spell: Borgnjor's Vile Clutch
 34249 | Vaults:2 | Reached skill level 1 in Necromancy
 34249 | Vaults:2 | Reached skill level 1 in Earth Magic
 34525 | Vaults:2 | Reached skill level 2 in Necromancy
 34529 | Vaults:2 | Reached skill level 2 in Earth Magic
 34741 | Vaults:2 | Reached skill level 11 in Evocations
 34944 | Vaults:2 | Killed Sojobo
 34945 | Vaults:2 | Reached skill level 3 in Necromancy
 34945 | Vaults:2 | Reached skill level 3 in Earth Magic
 34945 | Vaults:2 | Reached XP level 20. HP: 193/193 MP: 23/23
 35009 | Vaults:2 | Found a staircase to the Crypt.
 35213 | Vaults:3 | Reached skill level 11 in Dodging
 35262 | Vaults:3 | Reached skill level 4 in Necromancy
 35268 | Vaults:3 | Reached skill level 4 in Earth Magic
 35850 | Vaults:3 | Reached skill level 5 in Necromancy
 35857 | Vaults:3 | Reached skill level 5 in Earth Magic
 36392 | Vaults:3 | Reached skill level 17 in Shapeshifting
 36648 | Vaults:4 | Reached skill level 6 in Necromancy
 36666 | Vaults:4 | Reached skill level 6 in Earth Magic
 36960 | Vaults:4 | Found Olunerchi's General Store.
 36969 | Vaults:4 | Identified the +0 scale mail of the Fiend {rElec SInv}
 36971 | Vaults:4 | Bought a wand of acid (5) for 441 gold pieces
 36986 | Vaults:4 | Reached skill level 12 in Dodging
 37438 | Vaults:4 | Reached skill level 7 in Necromancy
 37442 | Vaults:4 | Reached skill level 7 in Earth Magic
 37851 | Vaults:4 | You pick up a book of the Spheres and begin reading...
 37851 | Vaults:4 | You add the spells Fireball, Conjure Ball Lightning and Orb
                  | of Destruction to your library.
 38412 | Elf:1    | Entered Level 1 of the Elven Halls
 38421 | Elf:1    | Reached XP level 21. HP: 201/201 MP: 24/24
 39024 | Elf:1    | You pick up a book of Iron and begin reading...
 39024 | Elf:1    | You add the spells Summon Lightning Spire and Lee's Rapid
                  | Deconstruction to your library.
 39049 | Elf:1    | Reached skill level 8 in Necromancy
 39118 | Elf:1    | Reached skill level 8 in Earth Magic
 39663 | Elf:2    | Reached skill level 13 in Dodging
 39759 | Elf:2    | Found a runed translucent gate.
 39759 | Elf:2    | Found a runed translucent gate.
 39759 | Elf:2    | Found a runed translucent gate.
 39940 | Elf:2    | Reached skill level 18 in Shapeshifting
 39959 | Elf:2    | Identified the +2 flail "Ysick" {heavy, +Blink rCorr Int+2}
 40182 | Elf:3    | Entered Level 3 of the Elven Halls
 40365 | Elf:3    | Found Hide's Magic Scroll Emporium.
 40374 | Elf:3    | Bought a scroll of fear for 76 gold pieces
 40374 | Elf:3    | Bought a scroll of teleportation for 57 gold pieces
 40466 | Elf:3    | Found Iheikh's Distillery.
 40469 | Elf:3    | Bought a potion of ambrosia for 144 gold pieces
 40469 | Elf:3    | Bought a potion of mutation for 144 gold pieces
 40577 | Elf:3    | Found Kocegiuf's General Store.
 40609 | Elf:3    | Bought a potion of resistance for 140 gold pieces
 40609 | Elf:3    | Bought a wand of acid (3) for 176 gold pieces
 40735 | Elf:3    | Identified the ring of Budeanu {rElec rCorr Str+3 Int-4
                  | Slay+2}
 40803 | Elf:3    | Identified the +0 mace of Vodka {flame, rPois Will+ Str-2
                  | Int+8}
 40967 | Elf:3    | You are cast into the Abyss!
 40967 | Abyss:2  | Cast into level 2 of the Abyss (+1 battleaxe of distortion)
 41114 | Abyss:3  | Found a corrupted altar of Lugonu.
 41191 | Abyss:3  | Found a corrupted altar of Lugonu.
 41215 | Abyss:3  | Reached skill level 3 in Spellcasting
 41249 | Abyss:3  | Reached skill level 5 in Stealth
 41263 | Abyss:3  | Found a corrupted altar of Lugonu.
 41561 | Abyss:3  | Gained mutation: Your body sometimes deteriorates upon
                  | taking damage. [a neqoxec]
 41593 | Abyss:3  | Reached skill level 4 in Spellcasting
 41596 | Abyss:3  | Reached skill level 6 in Stealth
 41631 | Abyss:3  | Found a corrupted altar of Lugonu.
 41718 | Abyss:3  | Reached XP level 22. HP: 199/209 MP: 0/28
 41732 | Abyss:3  | Reached skill level 14 in Dodging
 41755 | Abyss:3  | Noticed an ancient lich
 41763 | Abyss:3  | Paralysed by accursed screaming for 2 turns
 41767 | Abyss:3  | Got an abyssal rune of Zot
 41778 | Abyss:3  | Found a corrupted altar of Lugonu.
 41884 | Elf:3    | You pass through the gate.
 41884 | Elf:3    | Escaped the Abyss
 41922 | Elf:3    | Reached skill level 7 in Stealth
 41948 | Elf:3    | Reached skill level 5 in Spellcasting
 42209 | Elf:3    | Identified the +10 mace of Lisiv {flame, Str+2 Int+4}
 42271 | Elf:3    | Identified the ring "Taaggiel" {rElec rF+ MP-9 AC+4 Slay+4}
 42348 | Elf:3    | Reached skill level 6 in Spellcasting
 42410 | Elf:3    | Got Wyahos's Compilation of Geological Reagents
 42412 | Elf:3    | Identified the +7 longbow of Diolus {elec, +Blink}
 42416 | Elf:3    | Got Nulull's Discursus on Cursed Formation
 42417 | Elf:3    | Identified the staff of the Dwarven Hall {rElec Str+3
                  | Earth}
 42429 | Elf:3    | You pick up a book of Misfortune and begin reading...
 42429 | Elf:3    | You add the spells Jinxbite and Yara's Violent Unravelling
                  | to your library.
 42442 | Elf:3    | You pick up a book of Misfortune and begin reading...
 42509 | Elf:3    | Identified the +8 ring mail of the Blue Skies {Regen+ Int-5
                  | Dex+4 Slay+2}
 42883 | D:14     | Found Renemaq's Weapon Boutique.
 42926 | D:14     | Acquired 822 gold pieces
 43130 | D:14     | Found a runed translucent door.
 43130 | D:14     | Noticed Dordric's ghost (journeyman TrSh)
 43329 | D:14     | Found a portal to a secret trove of treasure.
 43511 | D:14     | Killed Dordric's ghost
 43540 | D:15     | Entered Level 15 of the Dungeon
 43583 | D:15     | You are cast into the Abyss!
 43583 | Abyss:3  | Found a corrupted altar of Lugonu.
 43583 | Abyss:3  | Cast into level 3 of the Abyss (orc knight)
 43721 | Abyss:3  | Found a corrupted altar of Lugonu.
 43859 | Abyss:3  | Paralysed by accursed screaming for 1 turns
 43871 | D:15     | You pass through the gate.
 43871 | D:15     | Escaped the Abyss
 44132 | D:15     | Found a staircase to the Depths.
 44329 | D:15     | Bought a potion of heal wounds for 95 gold pieces
 44329 | D:15     | Bought a potion of cancellation for 152 gold pieces
 44329 | D:15     | Bought a potion of curing for 57 gold pieces
 44329 | D:15     | Bought a potion of might for 76 gold pieces
 44336 | Depths:1 | Entered Level 1 of the Depths
 44343 | Depths:1 | Found Eleatt's General Store.
 44351 | Depths:1 | Bought a scroll of blinking for 112 gold pieces
 44351 | Depths:1 | Bought a wand of acid (7) for 441 gold pieces
 44481 | Depths:1 | You pick up a book of Spontaneous Combustion and begin
                  | reading...
 44481 | Depths:1 | You add the spells Inner Flame, Irradiate and Ignition to
                  | your library.
 44571 | Depths:1 | Reached skill level 21 in Fighting
 44700 | Depths:1 | Noticed a golden dragon
 44702 | Depths:1 | Found a one-way gateway to a ziggurat.
 44710 | Depths:1 | Noticed Nikola
 44714 | Depths:1 | Killed a golden dragon
 44732 | Depths:1 | Killed Nikola
 44918 | Depths:1 | Found a gateway to Hell.
 45023 | Depths:1 | Found a runed translucent gate.
 45023 | Depths:1 | Found a runed translucent gate.
 45025 | Depths:1 | Found a runed translucent gate.
 45025 | Depths:1 | Noticed Jajuenucs's ghost (veteran GnWn)
 45086 | Depths:1 | Reached skill level 9 in Necromancy
 45114 | Depths:1 | Identified the serpent talisman "Fam Durgh" {rC+ Int+4}
 45114 | Depths:1 | Noticed Aizul
 45122 | Depths:1 | Killed Aizul
 45130 | Depths:1 | Reached skill level 9 in Earth Magic
 45277 | Depths:1 | Found a viscous altar of Jiyva.
 45306 | Depths:1 | Killed Jajuenucs's ghost
 45311 | Depths:1 | Reached XP level 23. HP: 220/220 MP: 8/32
 45313 | Depths:1 | Reached skill level 21 in Unarmed Combat
 45317 | Depths:1 | Reached skill level 15 in Dodging
 45431 | Depths:1 | magus.rc [v1.10.3]
 45465 | Hell     | Entered the Vestibule of Hell
 45465 | Hell     | Noticed Geryon
 45628 | Depths:2 | Found a huge runed gate.
 45628 | Depths:2 | Found a huge runed gate.
 45629 | Depths:2 | Found a huge runed gate.
 45629 | Depths:2 | Found a huge runed gate.
 45631 | Depths:2 | Found a huge runed gate.
 45639 | Depths:2 | Found a huge runed gate.
 45639 | Depths:2 | Found a huge runed gate.
 45639 | Depths:2 | Found a huge runed gate.
 45639 | Depths:2 | Found a huge runed gate.
 45639 | Depths:2 | Found a huge runed gate.
 45640 | Depths:2 | Found a huge runed gate.
 45644 | Depths:2 | Found a huge runed gate.
 45652 | Depths:2 | Found a huge runed gate.
 45654 | Depths:2 | Found a huge runed gate.
 45655 | Depths:2 | Found a huge runed gate.
 45691 | Depths:2 | Found a huge runed gate.
 45691 | Depths:2 | Found a huge runed gate.
 45692 | Depths:2 | Found a huge runed gate.
 45699 | Depths:2 | Found a huge runed gate.
 45699 | Depths:2 | Found a huge runed gate.
 45699 | Depths:2 | Found a huge runed gate.
 45699 | Depths:2 | Found a huge runed gate.
 45699 | Depths:2 | Found a huge runed gate.
 45699 | Depths:2 | Found a huge runed gate.
 45699 | Depths:2 | Found a huge runed gate.
 45700 | Depths:2 | Found a huge runed gate.
 45701 | Depths:2 | Found a huge runed gate.
 45717 | Depths:2 | Found a huge runed gate.
 45717 | Depths:2 | Found a huge runed gate.
 45717 | Depths:2 | Found a huge runed gate.
 45717 | Depths:2 | Found a huge runed gate.
 45717 | Depths:2 | Found a huge runed gate.
 45717 | Depths:2 | Found a huge runed gate.
 45717 | Depths:2 | Found a huge runed gate.
 45718 | Depths:2 | Found a huge runed gate.
 45719 | Depths:2 | Found a huge runed gate.
 45788 | Depths:2 | You are sucked into a shaft and drop 2 floors!
 45788 | Depths:4 | Entered Level 4 of the Depths
 45788 | Depths:4 | Noticed a caustic shrike
 45788 | Depths:4 | Noticed a caustic shrike
 45788 | Depths:4 | Noticed a caustic shrike
 45788 | Depths:4 | Noticed a caustic shrike
 45788 | Depths:4 | Noticed a caustic shrike
 45866 | Depths:3 | Found a flickering gateway to a bazaar.
 45945 | Bazaar   | Entered a bazaar
 45945 | Bazaar   | Found Remmuogi's Antique Weapon Shop.
 45960 | Bazaar   | Found Ulyell's Distillery.
 45968 | Bazaar   | Bought a potion of cancellation for 112 gold pieces
 45968 | Bazaar   | Bought a potion of haste for 140 gold pieces
 45968 | Bazaar   | Bought a potion of haste for 140 gold pieces
 45968 | Bazaar   | Bought a potion of invisibility for 112 gold pieces
 45980 | Bazaar   | Found Tefag's Antique Armour Shop.
 46134 | Depths:3 | Reached skill level 10 in Necromancy
 46290 | Depths:3 | Reached skill level 10 in Earth Magic
 46310 | Depths:3 | Identified the +2 sling of the World {elec, rC+ Dex+3
                  | Stlth+}
 46344 | Depths:3 | Found Rupnykiy's Antique Armour Emporium.
 46348 | Depths:3 | Found Ymu Qone's Assorted Antiques.
 46348 | Depths:3 | Found Bocvem's Magic Scroll Shoppe.
 46350 | Depths:3 | Found Equyshaeni's Assorted Antiques.
 46350 | Depths:3 | Found Xiego's Distillery.
 46354 | Depths:3 | Bought a scroll of summoning for 408 gold pieces
 46358 | Depths:3 | Bought a scroll of teleportation for 96 gold pieces
 46363 | Depths:3 | Bought a potion of mutation for 136 gold pieces
 46363 | Depths:3 | Bought a potion of heal wounds for 85 gold pieces
 46363 | Depths:3 | Bought a potion of heal wounds for 85 gold pieces
 46689 | Depths:3 | You add the spells Ignite Poison and Sticky Flame to your
                  | library.
 46697 | Depths:3 | Learned a level 2 spell: Blink
 46709 | Depths:3 | Reached skill level 19 in Shapeshifting
 47038 | Depths:3 | You pick up a book of Frost and begin reading...
 47038 | Depths:3 | You add the spells Freeze and Frozen Ramparts to your
                  | library.
 47233 | Depths:3 | Identified the +0 pair of gloves "Fuzowah" {^Contam rN++
                  | Slay+2 SInv}
 47236 | Depths:3 | You pick up a book of Displacement and begin reading...
 47236 | Depths:3 | You add the spells Lesser Beckoning, Gell's Gravitas and
                  | Teleport Other to your library.
 47244 | Depths:3 | Learned a level 2 spell: Lesser Beckoning
 47348 | Depths:3 | Found a blossoming altar of Fedhas.
 47405 | Depths:2 | You pick up a book of Spontaneous Combustion and begin
                  | reading...
 47898 | Depths:2 | Identified the staff of Governance {rElec rC+ Will+ Ice}
 47974 | Depths:2 | Reached skill level 11 in Necromancy
 48080 | Depths:2 | Identified the +6 glaive "Lialus" {heavy, rPois}
 48169 | Depths:2 | Found a one-way gate leading to the halls of Pandemonium.
 48464 | Depths:4 | Reached skill level 22 in Fighting
 48470 | Depths:4 | Killed a caustic shrike
 48471 | Depths:4 | Killed a caustic shrike
 48472 | Depths:4 | Reached skill level 11 in Earth Magic
 48472 | Depths:4 | Reached XP level 24. HP: 231/231 MP: 23/32
 48480 | Depths:4 | Killed a caustic shrike
 48482 | Depths:4 | Killed a caustic shrike
 48483 | Depths:4 | Reached skill level 6 in Translocations
 48530 | Depths:4 | Killed a caustic shrike
 48859 | Depths:4 | Reached skill level 22 in Unarmed Combat
 48986 | Depths:4 | Found Pebboang's Antique Armour Emporium.
 48994 | Depths:4 | Bought the +3 crown of Dyrovepreva {rElec Int+2 SInv} for
                  | 1738 gold pieces
 48994 | Depths:4 | Found the +3 crown of Dyrovepreva {rElec Int+2 SInv}
 49161 | Depths:4 | Found a gate to the Realm of Zot.
 49894 | Slime:1  | Entered Level 1 of the Pits of Slime
 49948 | Slime:2  | Gained mutation: Your magical capacity is low. (-10% MP) [a
                  | shining eye]
 50050 | Slime:2  | Gained mutation: You have hidden genetic defects. [a
                  | shining eye]
 50075 | Slime:2  | Lost mutation: Your body sometimes deteriorates upon taking
                  | damage. [potion of mutation]
 50075 | Slime:2  | Lost mutation: You have hidden genetic defects. [potion of
                  | mutation]
 50075 | Slime:2  | Gained mutation: You are robust. (+10% HP) [potion of
                  | mutation]
 50075 | Slime:2  | Gained mutation: Your mind is acute. (Int +4, Str/Dex -1)
                  | [potion of mutation]
 50692 | Slime:4  | Reached skill level 7 in Spellcasting
 51245 | Crypt:1  | Entered Level 1 of the Crypt
 51299 | Crypt:1  | Reached skill level 7 in Translocations
 51352 | Crypt:1  | Noticed a curse skull
 51362 | Crypt:1  | Killed a curse skull
 51384 | Crypt:1  | Reached skill level 15 in Shields
 51810 | Crypt:1  | Noticed a curse skull
 51815 | Crypt:1  | Killed a curse skull
 51820 | Crypt:1  | Reached skill level 12 in Necromancy
 51820 | Crypt:1  | Reached skill level 12 in Earth Magic
 51965 | Crypt:1  | Noticed a curse skull
 51971 | Crypt:1  | Killed a curse skull
 52516 | Crypt:2  | Noticed a curse skull
 52533 | Crypt:2  | Killed a curse skull
 52936 | Crypt:2  | Reached XP level 25. HP: 264/264 MP: 21/30
 53102 | Crypt:2  | You pick up a book of Decay and begin reading...
 53102 | Crypt:2  | You add the spells Cigotuvi's Dreadful Rot and Death
                  | Channel to your library.
 53174 | Crypt:2  | Reached skill level 23 in Fighting
 53459 | Crypt:2  | You pick up a book of Burglary and begin reading...
 53533 | Crypt:2  | magus.rc [v1.10.3]
 53534 | Crypt:3  | Entered Level 3 of the Crypt
 53587 | Crypt:3  | You pick up a book of the Moon and begin reading...
 53587 | Crypt:3  | You add the spells Passage of Golubria and Lehudib's
                  | Crystal Spear to your library.
 53889 | Crypt:3  | Found an ancient bone altar of Kikubaaqudgha.
 54172 | Crypt:3  | You pick up a book of Armaments and begin reading...
 54281 | Crypt:3  | You add the spells Haunt, Borgnjor's Revivification and
                  | Death's Door to your library.
 54409 | Crypt:3  | Reached skill level 12 in Evocations
 54454 | Crypt:3  | Identified the +0 scale mail of Springtime {rElec rC+}
 54506 | Crypt:3  | Noticed a curse skull
 54507 | Crypt:3  | Identified the ring of Levity {rN+ Int+3}
 54652 | Crypt:3  | Reached skill level 16 in Dodging
 54788 | Crypt:3  | Killed a curse skull
 54794 | Crypt:3  | Found a staircase to the Tomb.
 54878 | Crypt:3  | Identified the ring "Wukalop" {rN+ Str+2}
 54895 | Tomb:1   | Entered Level 1 of the Tomb of the Ancients
 55413 | Zot:1    | Entered Level 1 of the Realm of Zot
 55498 | Zot:1    | Reached skill level 23 in Unarmed Combat
 55690 | Zot:1    | Found the +4 dragonskin cloak
 55690 | Zot:1    | Noticed Tiamat
 55690 | Zot:1    | Tiamat, Avatar of the Dragonlord comes into view. She is
                  | wielding a +1 demon trident of venom and wearing the +4
                  | dragonskin cloak.
 55710 | Zot:1    | Killed Tiamat
 55926 | Zot:1    | Reached skill level 24 in Fighting
 56410 | Zot:1    | Noticed an orb of fire
 56411 | Zot:1    | Noticed an orb of fire
 56423 | Zot:1    | Killed an orb of fire
 56424 | Zot:1    | Gained mutation: You occasionally shout uncontrollably at
                  | your foes. [an orb of fire]
 56429 | Zot:1    | Gained mutation: You do not regenerate when monsters are
                  | visible. [an orb of fire]
 56436 | Zot:1    | Killed an orb of fire
 56437 | Zot:1    | Reached skill level 17 in Dodging
 56477 | Zot:1    | Lost mutation: Your magical capacity is low. (-10% MP)
                  | [potion of mutation]
 56477 | Zot:1    | Lost mutation: You are robust. (+10% HP) [potion of
                  | mutation]
 56477 | Zot:1    | Lost mutation: Your mind is acute. (Int +4, Str/Dex -1)
                  | [potion of mutation]
 56477 | Zot:1    | Gained mutation: Your mind is acute. (Int +4, Str/Dex -1)
                  | [potion of mutation]
 56478 | Zot:1    | Lost mutation: You do not regenerate when monsters are
                  | visible. [potion of mutation]
 56478 | Zot:1    | Lost mutation: Your mind is acute. (Int +4, Str/Dex -1)
                  | [potion of mutation]
 56478 | Zot:1    | Lost mutation: You occasionally shout uncontrollably at
                  | your foes. [potion of mutation]
 56478 | Zot:1    | Gained mutation: You have large cloven feet. [potion of
                  | mutation]
 56478 | Zot:1    | Gained mutation: Your flesh is heat resistant. (rF+)
                  | [potion of mutation]
 56478 | Zot:1    | Gained mutation: You occasionally lose the ability to drink
                  | potions when taking damage. [potion of mutation]
 56615 | Zot:1    | Noticed an orb of fire
 56616 | Zot:1    | Reached XP level 26. HP: 254/254 MP: 24/33
 56633 | Zot:1    | Killed an orb of fire
 56742 | Zot:1    | Identified the +10 great sword "Pupref" {drain, Stlth+}
 56833 | Zot:1    | Found a faded altar of an unknown god.
 56841 | Zot:1    | Identified the +6 longbow of the Hidden Souls {heavy, rElec
                  | Dex+2 SInv}
 57167 | D:14     | You paid a toll of 11 potions of heal wounds to enter a
                  | treasure trove
 57168 | Trove    | Entered a treasure trove
 57178 | Trove    | Found the +10 tower shield of Ignorance {rN+ Int-4}
 57180 | Trove    | Identified the +0 pair of boots "Buewifej" {Rampage *Slow
                  | rF++ SInv}
 57182 | Trove    | Identified the +5 tower shield "Eqyivyg" {Will+ Int+3}
 57679 | Hell     | Killed Geryon
 57803 | Hell     | Reached skill level 16 in Shields
 57822 | Hell     | Found a gateway to the Iron City of Dis.
 58023 | Hell     | Found a gateway to the ashen valley of Gehenna.
 58102 | Hell     | Found a gateway to the decaying netherworld of Tartarus.
 58191 | Hell     | Found a gateway to the freezing wastes of Cocytus.
 58936 | Zot:2    | Reached skill level 17 in Shields
 58950 | Zot:2    | Noticed an electric golem
 58962 | Zot:2    | Identified the staff of the Other Side {rC+ Will+ Ice}
 58962 | Zot:2    | Identified the ring of Tiucuarch {Ice rElec Dex-4 Slay+6}
 58962 | Zot:2    | Noticed Josephina
 58969 | Zot:2    | Killed Josephina
 58970 | Zot:2    | Reached skill level 18 in Dodging
 58993 | Zot:2    | Killed an electric golem
 59771 | Zot:3    | Reached skill level 18 in Shields
 59920 | Zot:3    | Noticed a curse toe
 59924 | Zot:3    | Killed a curse toe
 60042 | Zot:3    | Noticed an orb of fire
 60059 | Zot:3    | Gained mutation: You do not regenerate when monsters are
                  | visible. [an orb of fire]
 60064 | Zot:3    | Killed an orb of fire
 60363 | Zot:3    | Noticed a curse toe
 60393 | Zot:3    | Noticed a curse toe
 60401 | Zot:3    | Gained mutation: You are dopey. (Int -2) [a shining eye]
 60401 | Zot:3    | Noticed a curse skull
 60405 | Zot:3    | Killed a curse skull
 60406 | Zot:3    | Gained mutation: You are frail. (-10% HP) [a shining eye]
 60420 | Zot:3    | Killed a curse toe
 60614 | Zot:3    | Reached skill level 19 in Shields
 60861 | Zot:4    | Reached skill level 19 in Dodging
 60888 | Zot:4    | Noticed a curse toe
 60895 | Zot:4    | Killed a curse toe
 61116 | Zot:3    | Reached skill level 20 in Shields
 61210 | Zot:4    | Reached XP level 27. HP: 237/237 MP: 24/33
 61600 | Zot:4    | Found an opulent altar of Gozag.
 61601 | Zot:4    | Found a runed translucent gate.
 61601 | Zot:4    | Found a runed translucent gate.
 61601 | Zot:4    | Found a runed translucent gate.
 61605 | Zot:4    | Noticed Yrhuahis's ghost (legendary GrFi)
 61665 | Zot:4    | Found Vunipholl's Assorted Antiques.
 61683 | Zot:5    | Entered Level 5 of the Realm of Zot
 61720 | Zot:5    | Noticed a curse toe
 61726 | Zot:5    | Killed a curse toe
 61982 | Zot:5    | Noticed a curse toe
 62061 | Zot:5    | Found a runed translucent door.
 62061 | Zot:5    | Noticed Hoptod's ghost (master DsFi)
 62061 | Zot:5    | Found the +3 pair of mountain boots {steadfast, rC+}
 62212 | Zot:5    | You pick up a book of Ice and begin reading...
 62212 | Zot:5    | You add the spells Ozocubu's Refrigeration and Polar Vortex
                  | to your library.
 62245 | Zot:5    | Noticed an electric golem
 62267 | Zot:5    | Killed an electric golem
 62268 | Zot:5    | Reached skill level 21 in Shields
 62299 | Zot:5    | Noticed a curse toe
 62309 | Zot:5    | Noticed a dread lich
 62315 | Zot:5    | Noticed a dread lich
 62322 | Zot:5    | Killed a dread lich
 62326 | Zot:5    | Killed a dread lich
 62342 | Zot:5    | Noticed an orb of fire
 62347 | Zot:5    | Gained mutation: Potions are less effective at restoring
                  | your health. [an orb of fire]
 62350 | Zot:5    | Killed an orb of fire
 62351 | Zot:5    | Lost mutation: Potions are less effective at restoring your
                  | health. [potion of mutation]
 62351 | Zot:5    | Lost mutation: Your flesh is heat resistant. (rF+) [potion
                  | of mutation]
 62351 | Zot:5    | Gained mutation: You are covered in fur. (AC +1) [potion of
                  | mutation]
 62351 | Zot:5    | Gained mutation: Your spells are a little harder to cast,
                  | but a little more powerful. [potion of mutation]
 62351 | Zot:5    | Gained mutation: Your system is resistant to poisons.
                  | (rPois) [potion of mutation]
 62351 | Zot:5    | Noticed an electric golem
 62363 | Zot:5    | Killed an electric golem
 62387 | Zot:5    | Reached skill level 22 in Shields
 62500 | Zot:5    | Noticed a curse toe
 62504 | Zot:5    | Killed a curse toe
 62509 | Zot:5    | Got the Orb of Zot
 62691 | Zot:2    | Noticed Gicygrepp the pandemonium lord
 62710 | Zot:2    | Killed Gicygrepp the pandemonium lord
 62953 | Zot:1    | Gained mutation: Your magical capacity is low. (-10% MP) [a
                  | cacodemon]
 62957 | Zot:1    | Lost mutation: Your system is resistant to poisons. (rPois)
                  | [potion of mutation]
 62957 | Zot:1    | Lost mutation: You are covered in fur. (AC +1) [potion of
                  | mutation]
 62957 | Zot:1    | Lost mutation: You do not regenerate when monsters are
                  | visible. [potion of mutation]
 62957 | Zot:1    | Gained mutation: You possess an exceptional clarity of
                  | mind. [potion of mutation]
 62957 | Zot:1    | Gained mutation: You have a pair of small antennae on your
                  | head. [potion of mutation]
 63026 | Zot:1    | Noticed Cabrius the pandemonium lord
 63029 | Zot:1    | Reached skill level 23 in Shields
 63036 | Zot:1    | Noticed Vypaut the pandemonium lord
 63042 | Zot:1    | Killed Vypaut the pandemonium lord
 63113 | Zot:1    | Noticed Vaemepot the pandemonium lord
 63113 | Zot:1    | Noticed an ancient lich
 63120 | Zot:1    | Killed an ancient lich
 63120 | Zot:1    | Killed Vaemepot the pandemonium lord
 63189 | Depths:4 | Noticed Hiomerreh the pandemonium lord
 63199 | Depths:4 | Killed Hiomerreh the pandemonium lord
 63259 | Depths:4 | Noticed Yckaatsov the pandemonium lord
 63275 | Depths:3 | Killed Yckaatsov the pandemonium lord
 63340 | Depths:3 | Identified +1 pearl dragon scales
 63340 | Depths:3 | Noticed a seraph
 63414 | Depths:2 | Gained mutation: You have hidden genetic defects. [a
                  | cacodemon]
 63422 | Depths:2 | Lost mutation: You are dopey. (Int -2) [potion of mutation]
 63422 | Depths:2 | Lost mutation: You occasionally lose the ability to drink
                  | potions when taking damage. [potion of mutation]
 63422 | Depths:2 | Lost mutation: Your magical capacity is low. (-10% MP)
                  | [potion of mutation]
 63422 | Depths:2 | Gained mutation: Your tail ends in a venomous barb. [potion
                  | of mutation]
 63456 | Depths:2 | Reached skill level 24 in Shields
 63494 | Depths:2 | Identified the +10 trident "Tileunuk" {drain, rN+}
 63497 | Depths:2 | You pick up a book of the Moon and begin reading...
 63499 | Depths:2 | You pick up a book of Callings and begin reading...
 63519 | Depths:2 | a +5 quick blade of protection {rare}; a +0 robe; a +0
                  | buckler
 63523 | Depths:2 | a +5 quick blade of protection {rare}; a +0 robe; a +0
                  | buckler
 63875 | D:9      | Noticed Dolas the pandemonium lord
 63931 | D:7      | Noticed Tuhatoerph the pandemonium lord
 63935 | D:7      | Killed Tuhatoerph the pandemonium lord
 63938 | D:7      | Gained mutation: You are clumsy. (Dex -2) [mutagenic glow]
 63942 | D:7      | Gained mutation: You are very clumsy. (Dex -4) [mutagenic
                  | glow]
 63949 | D:7      | Noticed Dirhupt the pandemonium lord
 63952 | D:7      | Killed Dirhupt the pandemonium lord
 63952 | D:7      | Gained mutation: Your magical capacity is low. (-10% MP)
                  | [mutagenic glow]
 63957 | D:7      | Lost mutation: You are very clumsy. (Dex -4) [potion of
                  | mutation]
 63957 | D:7      | Lost mutation: You are frail. (-10% HP) [potion of
                  | mutation]
 63957 | D:7      | Gained mutation: You are weak. (Str -2) [potion of
                  | mutation]
 63963 | D:6      | Gained mutation: You are vulnerable to cold. (rC-)
                  | [mutagenic glow]
 63975 | D:6      | Gained mutation: You do not regenerate when monsters are
                  | visible. [mutagenic glow]
 63987 | D:6      | Noticed Zojim the pandemonium lord
 64151 | D:$      | Escaped with the Orb!

Vanquished Creatures
  Tiamat (Zot:1)
  2 dread liches (Zot:5)
  An ancient lich (Zot:1)
  5 orbs of fire
  Mara (Shoals:4)
  Sojobo (Vaults:2)
  2 antique champions (WizLab)
  3 Killer Klowns (Zot:5)
  Josephina (Zot:2)
  5 caustic shrikes (Depths:4)
  The ghost of Jajuenucs the Struggler, a veteran GnWn of Okawaru (Depths:1)
  Geryon (Hell)
  4 curse toes
  13 golden dragons
  7 bone dragons
  Nikola (Depths:1)
  3 pandemonium lords
  A profane servitor (Crypt:3)
  3 Tzitzimimeh
  2 electric golems (Zot:5)
  An iron giant (Hell)
  Zenata (Vaults:2)
  17 tentacled monstrosities
  A hellephant (Depths:3)
  An Ice Fiend (Depths:3)
  A walking earthen tome (Depths:2)
  4 titans
  6 liches
  12 Orb Guardians
  A deep elf blademaster (Elf:3)
  A walking crystal tome (Depths:4)
  A tainted leviathan (Hell)
  3 quicksilver dragons
  6 acid blobs
  4 deep elf master archers (Elf:3)
  An Executioner (Abyss:3)
  4 sphinxes
  12 ancient champions
  6 death cobs
  8 tentacled starspawn
  Polyphemus (Shoals:2)
  5 tengu reavers
  7 shadow dragons
  Roxanne (Shoals:4)
  Ilsuiw (Shoals:3)
  6 draconian monks
  19 storm dragons
  2 daevas
  5 fire giants
  3 protean progenitors
  2 revenants
  3 azure jellies
  A demonspawn warmonger (Depths:3)
  12 rockslimes
  Aizul (Depths:1)
  11 frost giants
  6 nagarajas
  9 draconian knights
  A balrug (Depths:1)
  2 deep elf elementalists (Elf:3)
  9 deep elf sorcerers
  8 draconian scorchers
  6 curse skulls
  6 draconian shifters
  6 iron dragons
  4 orc warlords
  4 ghost moths
  Louise (Shoals:4)
  2 draconian stormcallers
  16 vault wardens
  An angel (Depths:4)
  A shard shrike simulacrum (Hell)
  A demonspawn corrupter (Zot:1)
  3 spriggan defenders
  A draconian annihilator (Zot:1)
  4 ghouls
  6 formless jellyfish
  10 stone giants
  A quicksilver ooze (Slime:3)
  4 cacodemons
  A juggernaut skeleton (WizLab)
  16 vampire knights
  3 reapers
  A war gargoyle (Vaults:1)
  24 very ugly things
  19 ironbound preservers
  10 green draconians
  9 deep elf death magi
  9 ironbound thunderhulks
  Nessos (Orc:2)
  10 deep elf demonologists
  7 deep elf annihilators (Elf:3)
  A wendigo (Hell)
  2 putrid mouths (Hell)
  12 spark wasps
  14 white draconians
  The ghost of Dordric the Metamorph, a journeyman TrSh of Trog (D:14)
  12 black draconians
  A lorocyproca (Abyss:3)
  9 purple draconians
  19 dire elephants
  21 red draconians
  8 yellow draconians
  A minotaur (Gauntlet)
  5 eidola
  A green death (Zot:5)
  5 iron golems
  2 blizzard demons
  25 jiangshi
  9 merfolk impalers
  A mummy priest (Tomb:1)
  12 yaktaur captains
  7 ettins
  11 fire dragons
  6 deep elf high priests
  A fenstrider witch zombie (Crypt:2)
  2 merfolk javelineers (Shoals:4)
  12 vault guards
  5 rakshasas
  4 salamander tyrants
  A peacekeeper (Vaults:1)
  7 spriggan air magi
  2 entropy weavers
  6 hydras
  Erolcha (Orc:2)
  Fannar (Lair:2)
  9 great orbs of eyes
  2 alligators (Zot:5)
  6 merfolk avatars
  3 ogre magi
  A caustic shrike simulacrum (Hell)
  2 hell beasts
  10 anacondas
  3 alligator snapping turtles
  Harold (D:10)
  3 ice dragons
  3 catoblepae
  A sphinx zombie (Vaults:3)
  2 jorogumos (Zot:4)
  5 two-headed ogres
  4 ironbound frosthearts
  4 death knights
  3 merfolk aquamancers
  The ghost of Tollund the Spear-Bearer, a novice HOMo of Nemelex Xobeh (D:7)
  17 dancing weapons
  12 centaur warriors
  6 boulder beetles
  8 tengu warriors
  12 naga sharpshooters
  19 naga warriors
  5 vampire magi
  3 satyrs
  An azure jelly zombie (Crypt:1)
  9 death yaks
  4 hell hogs
  4 occultists
  11 thrashing horrors
  6 deep troll earth magi
  An orc high priest (Orc:2)
  5 deep troll shamans
  17 deep elf knights
  3 shock serpents (Snake:4)
  Nergalle (Lair:2)
  11 hell knights
  4 spriggan berserkers
  6 shadow wraiths
  49 skeletal warriors
  3 soul eaters
  A fire crab (shapeshifter) (D:15)
  11 iron trolls
  2 golden dragon zombies
  10 salamander mystics
  4 skysharks
  16 sun demons
  4 sixfirhies
  A storm dragon skeleton (WizLab)
  A cherub (Depths:3)
  10 sea snakes
  10 glowing orange brains
  58 deep trolls
  5 flayed ghosts
  3 arcanists
  A spectral hydra (Crypt:3)
  13 deep elf archers
  3 shadow demons
  2 orange crystal statues (Abyss:3)
  16 phantasmal warriors
  An orb spider (Abyss:3)
  13 ironbound convokers
  6 naga ritualists
  A shadow dragon zombie (Vaults:2)
  25 harpies
  10 orc knights
  10 lindwurms
  24 deep elf zephyrmancers
  16 necromancers
  A fire giant zombie (Vaults:1)
  10 mana vipers
  A stone giant zombie (Vaults:1)
  27 deep elf pyromancers
  17 salamanders
  2 tengu skeletons (Vaults:2)
  A spectral ettin (Crypt:3)
  4 shining eyes
  6 cyclopes
  9 manticores
  20 fauns
  4 orc sorcerers
  A faun (shapeshifter) (Depths:2)
  17 large abominations
  40 ugly things
  2 worldbinders (Abyss:3)
  An ice statue (IceCv)
  3 oklob plants
  10 elephants
  2 will-o-the-wisps (Abyss:3)
  25 moths of wrath
  3 water nymphs
  7 naga magi
  42 black mambas
  An iron dragon skeleton (Crypt:2)
  11 merfolk sirens
  2 gargoyles
  5 kobold blastminers
  5 rust devils
  6 eyes of devastation
  3 molten gargoyles (Hell)
  9 guardian serpents
  A centaur zombie (Crypt:1)
  2 apocalypse crabs (Abyss:3)
  An eye of devastation (shapeshifter) (Depths:2)
  A torpor snail (shapeshifter) (Elf:1)
  11 vault sentinels
  A water nymph (shapeshifter) (Depths:2)
  A cane toad (shapeshifter) (Abyss:3)
  19 cane toads
  A dire elephant skeleton (Crypt:2)
  7 orange demons
  17 smoke demons
  A hellion (Depths:1)
  An unseen horror (shapeshifter) (Elf:2)
  A minotaur zombie (Crypt:1)
  A kobold demonologist (D:11)
  An efreet (D:14)
  An elf zombie (Vaults:2)
  2 rime drakes
  A yaktaur zombie (Vaults:1)
  A storm dragon simulacrum (WizLab)
  6 komodo dragons
  An unseen horror (Abyss:3)
  3 anaconda simulacra
  A bunyip simulacrum (Hell)
  A grey draconian zombie (Crypt:2)
  44 yaktaurs
  An ice devil (Abyss:3)
  A red devil (Depths:2)
  A tormentor (Hell)
  A golden dragon simulacrum (Hell)
  8 tengu conjurers
  Psyche (D:10)
  A harpy zombie (Crypt:3)
  A white draconian skeleton (Crypt:2)
  4 ancient zymes (Abyss:3)
  2 yaktaur skeletons (Vaults:2)
  A guardian mummy (D:14)
  8 freezing wraiths
  A hydra zombie (Crypt:1)
  A queen bee (D:13)
  3 meliai (D:13)
  2 tarantellas
  2 tyrant leeches
  2 hellwings (D:6)
  4 polar bears
  9 trolls
  A great orb of eyes zombie (Crypt:1)
  3 polar bears (shapeshifter)
  14 merfolk
  5 wind drakes
  7 hornets
  A stone giant simulacrum (Hell)
  7 snapping turtles
  Prince Ribbit (D:5)
  A dream sheep (shapeshifter) (Elf:1)
  An iron dragon simulacrum (Hell)
  14 blink frogs
  16 raiju
  4 glass eyes
  Sigmund (D:3)
  121 slime creatures
  An ettin zombie (WizLab)
  2 air elementals
  2 elf skeletons (Vaults:2)
  An ettin skeleton (Vaults:1)
  2 wyverns
  2 dire elephant simulacra
  3 spriggans (shapeshifter)
  12 water elementals
  7 shadows
  6 spriggans
  3 vampires
  A tyrant leech zombie (Crypt:1)
  7 ynoxinuls
  59 yaks
  A yak (shapeshifter) (Elf:1)
  A fire bat (Volcano)
  7 wraiths
  26 golden eyes
  4 humans (Bailey)
  A warg (Orc:1)
  30 starcursed masses (Abyss:3)
  8 basilisks
  3 neqoxecs
  A slime creature zombie (Crypt:1)
  5 fire elementals
  2 redbacks
  A green draconian simulacrum (Zot:2)
  2 death yak simulacra (IceCv)
  Menkaure (D:7)
  9 vampire mosquitoes
  5 chaos spawn
  A naga zombie (Crypt:1)
  A harpy simulacrum (Hell)
  23 nagas
  6 swamp worms
  A spatial vortex (Abyss:3)
  3 two-headed ogre zombies (WizLab)
  An acid dragon (D:13)
  An acid dragon (shapeshifter) (Elf:1)
  5 hell hounds
  17 water moccasins
  Duvessa (D:7)
  A moth of wrath simulacrum (Zot:2)
  A deep troll skeleton (Crypt:2)
  A glowing shapeshifter skeleton (Vaults:2)
  22 orc warriors
  An ice beast (D:6)
  A two-headed ogre skeleton (WizLab)
  25 laughing skulls
  A hornet zombie (Crypt:2)
  10 ogres
  2 sky beasts
  A crocodile (Sewer)
  14 wolves
  2 ettin simulacra (WizLab)
  6 boggarts
  6 centaurs
  5 human skeletons
  4 weeping skulls (Abyss:3)
  4 kobold brigands
  2 phantoms
  A brain worm (Abyss:3)
  Blork the orc (D:5)
  4 earth elementals
  3 gnoll sergeants
  6 necrophages
  19 bullfrogs
  2 deep troll simulacra (WizLab)
  5 two-headed ogre simulacra
  23 small abominations
  4 scorpions
  A cane toad simulacrum (IceCv)
  2 cyclops skeletons (WizLab)
  4 burial acolytes (Crypt:3)
  Dowan (D:7)
  32 killer bees
  5 wights (D:7)
  A human simulacrum (Vaults:3)
  5 elephant simulacra (IceCv)
  An electric eel (Snake:2)
  A polar bear skeleton (Crypt:2)
  4 howler monkeys
  3 quasits
  3 jellies
  15 orc priests
  6 hounds
  3 sleepcaps
  Terence (D:3)
  3 iguanas
  8 hell rats
  5 spriggan simulacra
  19 orc wizards
  A killer bee zombie (Crypt:1)
  2 polar bear simulacra (IceCv)
  7 troll simulacra (IceCv)
  2 wolf simulacra (IceCv)
  2 deep dwarf skeletons (Crypt:1)
  Robin (D:3)
  13 gnolls
  7 naga simulacra (IceCv)
  8 river rats
  8 adders
  A shadow imp (D:8)
  6 white imps
  A bombardier beetle (D:7)
  12 ufetubi
  A worm (D:2)
  2 dart slugs (D:1)
  55 orcs
  11 endoplasms
  7 giant cockroaches
  A gnoll zombie (Crypt:1)
  13 goblins
  9 hobgoblins
  4 jackals
  17 kobolds
  3 quokkas
  6 ball pythons
  4 bats
  2 frilled lizards
  13 rats
  An aspiring flesh (Zot:5)
  3 starspawn tentacles
2709 creatures vanquished.

Vanquished Creatures (collateral kills)
  A curse toe (Zot:5)
  A golden dragon (Zot:3)
  2 Brimstone Fiends
  A Hell Sentinel (Zot:2)
  2 Orb Guardians (Zot:5)
  A lich (Zot:1)
  A tentacled monstrosity (Zot:4)
  An Ice Fiend (Zot:5)
  A sphinx (Depths:2)
  A quicksilver dragon (Zot:5)
  4 pandemonium lords
  A death cob (Zot:2)
  A protean progenitor (Zot:3)
  A balrug (Zot:1)
  A cacodemon (Zot:1)
  A broodmother (Zot:3)
  A green draconian (Zot:3)
  A putrid mouth (Hell)
  A deep elf annihilator (Elf:3)
  A black draconian (Zot:3)
  A white draconian (Zot:2)
  A spark wasp (Depths:4)
  An anaconda (Snake:4)
  2 hell hogs (Zot:5)
  A naga sharpshooter (Snake:4)
  2 soul eaters
  A sun demon (Zot:1)
  A shadow demon (Zot:1)
  A quicksilver dragon simulacrum (Zot:2)
  2 large abominations (D:9)
  A deep troll (shapeshifter) (Depths:2)
  5 moths of wrath
  2 rust devils
  A storm dragon simulacrum (Zot:2)
  2 orange demons (Zot:1)
  A smoke demon (D:7)
  An ice devil (Zot:2)
  2 red devils
  A slime creature (D:11)
  2 chaos spawn
  2 hell hounds (Zot:1)
  A small abomination (D:7)
  A howler monkey (D:9)
  2 aspiring fleshes
62 creatures vanquished.

Vanquished Creatures (others)
  2 Killer Klowns (Zot:5)
  An electric golem (Zot:2)
  3 tentacled monstrosities
  13 Orb Guardians
  A death cob (Zot:3)
  A draconian monk (Zot:3)
  3 draconian knights
  2 draconian scorchers
  2 draconian shifters
  2 draconian annihilators (Zot:2)
  4 green draconians
  4 red draconians
  5 black draconians
  2 purple draconians (Zot:2)
  5 yellow draconians
  2 white draconians
  A deep troll earth mage (Elf:1)
  A sun demon (Zot:1)
  2 deep elf knights (Elf:1)
  A deep elf archer (Elf:2)
  A moth of wrath (Zot:4)
  A tengu conjurer (Depths:3)
  A slime creature (Vaults:2)
  A small abomination (Abyss:3)
  A ynoxinul (D:11)
  A howler monkey (D:9)
  2 orcs (Orc:2)
  A ball lightning (D:6)
  12 foxfires (Abyss:3)
  A lurking horror (Abyss:3)
  17 starspawn tentacles
96 creatures vanquished.

Grand Total: 2867 creatures vanquished

Table legend:
 A = Non-vault XP
 B = Vault XP
 C = Vault XP percentage of total XP
 D = Non-vault monster count
 E = Vault monster count
 F = Vault count percentage of total count
                 A         B        C        D         E       F
            +---------+---------+-------+---------+---------+-------
      Total |  980690 |  629002 |  39.1 |    1710 |     975 |  36.3
            +---------+---------+-------+---------+---------+-------
        D:1 |      53 |       4 |   7.0 |      21 |       2 |   8.7
        D:2 |      30 |       0 |   0.0 |      15 |       0 |   0.0
        D:3 |     171 |     297 |  63.5 |      15 |      11 |  42.3
        D:4 |     347 |      43 |  11.0 |      18 |       1 |   5.3
        D:5 |     528 |     547 |  50.9 |      16 |      10 |  38.5
        D:6 |     574 |     124 |  17.8 |       8 |       2 |  20.0
        D:7 |    1285 |    2542 |  66.4 |      36 |      19 |  34.5
        D:8 |    1620 |     101 |   5.9 |      23 |       2 |   8.0
        D:9 |    1850 |       0 |   0.0 |      13 |       0 |   0.0
       D:10 |    2556 |    1172 |  31.4 |      16 |       2 |  11.1
       D:11 |    4259 |    1055 |  19.9 |      20 |       2 |   9.1
       D:12 |    5069 |       0 |   0.0 |      18 |       0 |   0.0
       D:13 |    8153 |    3513 |  30.1 |      27 |      17 |  38.6
       D:14 |   12065 |    1321 |   9.9 |      29 |       2 |   6.5
       D:15 |    8885 |    3421 |  27.8 |      21 |       5 |  19.2
     Lair:1 |    5414 |     731 |  11.9 |      26 |       6 |  18.8
     Lair:2 |    6260 |    1649 |  20.8 |      26 |       2 |   7.1
     Lair:3 |   12215 |    1950 |  13.8 |      39 |      10 |  20.4
     Lair:4 |    7479 |     605 |   7.5 |      19 |      15 |  44.1
     Lair:5 |   12568 |   11354 |  47.5 |      35 |      41 |  53.9
   Shoals:1 |   11405 |    6881 |  37.6 |      22 |      10 |  31.2
   Shoals:2 |   16952 |    6623 |  28.1 |      31 |       8 |  20.5
   Shoals:3 |    6684 |    3494 |  34.3 |      12 |       5 |  29.4
   Shoals:4 |   12468 |   22076 |  63.9 |      23 |      29 |  55.8
    Snake:1 |    6606 |       0 |   0.0 |      12 |       0 |   0.0
    Snake:2 |   13454 |     926 |   6.4 |      24 |       2 |   7.7
    Snake:3 |   28758 |       0 |   0.0 |      50 |       0 |   0.0
    Snake:4 |   17711 |   32420 |  64.7 |      30 |      53 |  63.9
    Slime:1 |    5534 |       0 |   0.0 |      11 |       0 |   0.0
    Slime:2 |    4348 |       0 |   0.0 |       8 |       0 |   0.0
    Slime:3 |   15400 |       0 |   0.0 |      26 |       0 |   0.0
    Slime:4 |   17287 |     784 |   4.3 |      42 |       2 |   4.5
      Orc:1 |    2558 |       0 |   0.0 |      17 |       0 |   0.0
      Orc:2 |    3431 |   11055 |  76.3 |      13 |      66 |  83.5
      Elf:1 |   25583 |    7466 |  22.6 |      46 |      16 |  25.8
      Elf:2 |   21930 |    3228 |  12.8 |      38 |       4 |   9.5
      Elf:3 |   13832 |   40299 |  74.4 |      24 |      38 |  61.3
   Vaults:1 |   40298 |   23418 |  36.8 |      68 |      31 |  31.3
   Vaults:2 |   37600 |   42538 |  53.1 |      50 |      54 |  51.9
   Vaults:3 |   40361 |   13908 |  25.6 |      67 |      19 |  22.1
   Vaults:4 |   27044 |   19567 |  42.0 |      35 |      26 |  42.6
    Crypt:1 |   25606 |    3790 |  12.9 |      44 |       6 |  12.0
    Crypt:2 |   37429 |       0 |   0.0 |      48 |       0 |   0.0
    Crypt:3 |       0 |   58971 | 100.0 |       0 |      92 | 100.0
     Tomb:1 |     909 |       0 |   0.0 |       1 |       0 |   0.0
   Depths:1 |   42531 |   25349 |  37.3 |      49 |      27 |  35.5
   Depths:2 |   32389 |   28489 |  46.8 |      40 |      23 |  36.5
   Depths:3 |   35462 |   42993 |  54.8 |      38 |      45 |  54.2
   Depths:4 |   58133 |   16999 |  22.6 |      56 |      15 |  21.1
       Hell |    9832 |   27771 |  73.9 |      18 |      38 |  67.9
      Zot:1 |   49514 |   62668 |  55.9 |      38 |      52 |  57.8
      Zot:2 |   33662 |    4531 |  11.9 |      29 |       5 |  14.7
      Zot:3 |   38436 |   17728 |  31.6 |      31 |      23 |  42.6
      Zot:4 |   33408 |    9771 |  22.6 |      33 |       7 |  17.5
      Zot:5 |   40217 |   38062 |  48.6 |      28 |      17 |  37.8
    Abyss:2 |    5859 |       0 |   0.0 |      11 |       0 |   0.0
    Abyss:3 |   55085 |    4963 |   8.3 |     125 |       5 |   3.8
      Sewer |       0 |     423 | 100.0 |       0 |      21 | 100.0
     Bailey |       0 |    3472 | 100.0 |       0 |      16 | 100.0
      IceCv |       0 |    4514 | 100.0 |       0 |      47 | 100.0
    Volcano |       0 |    3461 | 100.0 |       0 |       9 | 100.0
     WizLab |   21593 |    6417 |  22.9 |      31 |       5 |  13.9
   Gauntlet |       0 |    3518 | 100.0 |       0 |      10 | 100.0
            +---------+---------+-------+---------+---------+-------

Skill      XL: |  1  2  3  4  5  6  7  8  9 10 11 12 13 14 15 16 17 18 19 20 21 22 23 24 25 26 27 |
---------------+----------------------------------------------------------------------------------+-----
Fighting       | 2 3 4 5 7 9 11 13 14 16 18 19 20 21 22 24 | 24.4
Unarmed Combat | 4 5 6 7 9 10 12 13 14 16 17 18 20 21 22 23 | 23.7
Dodging        | 2 3 5 8 10 12 13 14 15 17 19 | 19.0
Shapeshifting  | 4 5 6 7 8 12 15 16 17 18 19 | 19.7
Evocations     | 3 4 6 9 11 12 | 12.0
Shields        | 3 5 6 7 12 13 14 15 20 24 | 24.7
Spellcasting   | 2 4 6 7 |  7.0
Translocations | 1 5 7 |  7.0
Stealth        | 3 4 6 7 |  7.0
Necromancy     | 3 7 8 9 11 12 | 12.0
Earth Magic    | 3 7 8 9 11 12 | 12.0

Action                     |  1- 3 |  4- 6 |  7- 9 | 10-12 | 13-15 | 16-18 | 19-21 | 22-24 | 25-27 || total
---------------------------+-------+-------+-------+-------+-------+-------+-------+-------+-------++-------
  Melee: Unarmed           |   112 |   148 |   415 |   834 |  1378 |  1189 |  1581 |  1716 |  1493 ||  8866
         Tailslap          |     8 |    28 |    67 |   183 |   256 |   214 |   314 |   363 |   314 ||  1747
         Punch             |     2 |     8 |     7 |     3 |     1 |       |       |       |       ||    21
         Kick              |       |       |       |       |       |       |       |       |   413 ||   413
  Throw: Dart              |       |     2 |    10 |       |       |       |       |       |       ||    12
         Boomerang         |       |       |       |       |       |       |       |     1 |       ||     1
   Cast: Lesser Beckoning  |       |       |       |       |       |       |       |       |     9 ||     9
         Borgnjor's Vile C |       |       |       |       |       |       |       |       |     2 ||     2
 Invoke: Call Merchant     |       |       |       |       |     1 |       |       |     1 |       ||     2
         Potion Petition   |       |       |       |       |       |     1 |     6 |     1 |     5 ||    13
         Bribe Branch      |       |       |       |       |       |       |       |       |     5 ||     5
  Evoke: Wand              |       |     1 |     3 |    10 |     1 |     8 |     1 |     1 |     9 ||    34
         Phantom mirror    |       |       |       |       |       |       |     1 |       |       ||     1
         Lightning rod     |       |       |       |       |       |       |     4 |       |       ||     4
         Sack of spiders   |       |       |       |       |       |       |       |     2 |     1 ||     3
         Horn of Geryon    |       |       |       |       |       |       |       |       |     1 ||     1
    Use: Potion            |     1 |       |       |     5 |       |     3 |     3 |     5 |    16 ||    33
         Scroll            |       |       |     2 |    27 |    12 |     8 |     7 |    10 |    12 ||    78
   Stab: Sleeping          |     1 |     1 |       |       |    15 |    27 |    20 |    23 |    18 ||   105
         Paralysed         |       |       |     7 |     7 |       |       |       |       |       ||    14
         Distracted        |       |       |     4 |     3 |     9 |     7 |    18 |    15 |    20 ||    76
         Invisible         |       |       |       |       |       |       |       |     9 |     6 ||    15
         Confused          |       |       |       |       |       |       |       |       |     5 ||     5
 Armour: Skin              |    60 |    80 |   217 |   421 |   965 |  1150 |  1102 |  1163 |  1092 ||  6250
  Dodge: Dodged            |    51 |    83 |   237 |   633 |   836 |   915 |   846 |   913 |   996 ||  5510
  Block: Other             |       |       |       |    57 |    72 |       |       |       |       ||   129
         Reflection        |       |       |       |     1 |    48 |    97 |   164 |    38 |    25 ||   373
         Buckler           |       |       |       |       |   713 |   856 |       |       |       ||  1569
         Kite shield       |       |       |       |       |       |   412 |  1936 |  1785 |  1667 ||  5800
         Tower shield      |       |       |       |       |       |       |       |       |    31 ||    31
   Form: Flux              |       |     1 |     1 |       |       |       |       |       |       ||     2
         Beast             |       |     1 |       |       |       |       |       |       |       ||     1
         Statue            |       |       |       |       |     2 |       |       |       |       ||     2
                           |       |       |       |       |     1 |       |       |       |       ||     1

Illustrated notes

Table legend:
 A = Kills in this place as a percentage of kills in the entire game.
 B = Kills by you in this place as a percentage of kills by you in the entire game.
 C = Kills by friends in this place as a percentage of kills by friends in the entire game.
 D = Other kills in this place as a percentage of other kills in the entire game.
 E = Experience gained in this place as a percentage of experience gained in the entire game.
 F = Experience gained in this place divided by the number of levels of this place that you have seen.
                   A       B       C       D       E      F
               +-------+-------+-------+-------+-------+----------------------
         Total | 100.0 | 100.0 | 100.0 | 100.0 | 100.0 | 25319.5
       Dungeon |  14.0 |  13.9 |  22.6 |   0.0 |   4.6 | 5208.7
          Lair |   7.9 |   8.1 |   0.0 |   0.0 |   3.6 | 12045.0
        Shoals |   5.1 |   5.2 |   0.0 |   0.0 |   5.1 | 21645.8
     Snake Pit |   6.2 |   6.2 |   3.8 |   0.0 |   5.9 | 24968.8
    Slime Pits |   3.2 |   3.3 |   0.0 |   0.0 |   2.6 | 10838.2
  Orcish Mines |   3.5 |   3.6 |   0.0 |   0.0 |   1.0 | 8522.0
   Elven Halls |   6.0 |   6.0 |   1.9 |  28.6 |   6.6 | 37446.0
        Vaults |  12.6 |  12.9 |   0.0 |   0.0 |  14.4 | 61183.5
         Crypt |   6.9 |   7.0 |   0.0 |   0.0 |   7.4 | 41932.0
          Tomb |   0.0 |   0.0 |   0.0 |   0.0 |   0.1 | 909.0
        Depths |  11.5 |  11.6 |   5.7 |   0.0 |  18.5 | 78564.2
          Hell |   2.0 |   2.0 |   3.8 |   0.0 |   2.2 | 37603.0
           Zot |  11.1 |   9.8 |  62.3 |  71.4 |  21.6 | 73250.8
         Abyss |   5.1 |   5.2 |   0.0 |   0.0 |   3.9 | 21969.0
         Sewer |   0.8 |   0.8 |   0.0 |   0.0 |   0.0 | 423.0
        Bailey |   0.6 |   0.6 |   0.0 |   0.0 |   0.2 | 3472.0
      Ice Cave |   1.7 |   1.7 |   0.0 |   0.0 |   0.3 | 4514.0
       Volcano |   0.3 |   0.3 |   0.0 |   0.0 |   0.2 | 3461.0
        Wizlab |   1.3 |   1.3 |   0.0 |   0.0 |   1.7 | 28010.0
      Gauntlet |   0.4 |   0.4 |   0.0 |   0.0 |   0.2 | 3518.0
               +-------+-------+-------+-------+-------+----------------------

Table legend: (Time is in decaauts)
 A = Elapsed time spent in this place.
 B = Non-inter-level travel time spent in this place.
 C = Inter-level travel time spent in this place.
 D = Time resting spent in this place.
 E = Time spent auto-exploring this place.
 F = Levels seen in this place.
 G = Mean time per level.
                   A        B        C        D        E       F      G
               +--------+--------+--------+--------+--------+-----+--------+
         Total |  84058 |  74896 |   9162 |   5126 |  30687 |  67 | 1254.6 |
       Dungeon |  18117 |  15576 |   2541 |   1411 |   8309 |  15 | 1207.8 |
        Temple |     49 |     42 |      7 |      0 |      0 |   1 |   49.0 |
          Lair |   6842 |   5562 |   1280 |    346 |   1891 |   5 | 1368.4 |
        Shoals |   4436 |   4085 |    351 |     66 |    936 |   4 | 1109.0 |
     Snake Pit |   7144 |   6333 |    811 |    444 |   1947 |   4 | 1786.0 |
    Slime Pits |   1289 |   1247 |     42 |      7 |    184 |   4 |  322.2 |
  Orcish Mines |   2488 |   2176 |    312 |     43 |   1353 |   2 | 1244.0 |
   Elven Halls |   4674 |   4275 |    399 |    208 |   1836 |   3 | 1558.0 |
        Vaults |   9355 |   7996 |   1359 |    414 |   3835 |   4 | 2338.8 |
         Crypt |   5404 |   5072 |    332 |    285 |   2395 |   3 | 1801.3 |
          Tomb |    119 |    119 |      0 |      0 |      0 |   1 |  119.0 |
        Depths |   8883 |   7952 |    931 |    760 |   3448 |   4 | 2220.8 |
          Hell |    837 |    816 |     21 |     43 |    286 |   1 |  837.0 |
           Zot |   9048 |   8277 |    771 |    562 |   3637 |   5 | 1809.6 |
         Abyss |   1614 |   1614 |      0 |    127 |    130 |   3 |  538.0 |
        Bazaar |     88 |     88 |      0 |      0 |      0 |   1 |   88.0 |
         Trove |    143 |    143 |      0 |      0 |      0 |   1 |  143.0 |
         Sewer |    465 |    465 |      0 |      0 |    264 |   1 |  465.0 |
        Bailey |    411 |    411 |      0 |    123 |      0 |   1 |  411.0 |
      Ice Cave |    896 |    896 |      0 |     33 |    126 |   1 |  896.0 |
       Volcano |    304 |    304 |      0 |     36 |      0 |   1 |  304.0 |
        Wizlab |    787 |    787 |      0 |     77 |     45 |   1 |  787.0 |
      Gauntlet |    654 |    654 |      0 |    136 |     61 |   1 |  654.0 |
               +--------+--------+--------+--------+--------+-----+--------+

Top non-repeatable levels by time:
 Snake:4: 2949 daAuts
   Zot:1: 2813 daAuts
Vaults:2: 2813 daAuts
Depths:1: 2400 daAuts
Depths:3: 2348 daAuts
Vaults:4: 2292 daAuts
Vaults:1: 2253 daAuts
   Elf:3: 2132 daAuts
  Lair:5: 2129 daAuts
Depths:4: 2095 daAuts
   Zot:3: 2044 daAuts
Depths:2: 2039 daAuts
 Crypt:3: 2032 daAuts
Vaults:3: 1995 daAuts
   Zot:2: 1966 daAuts
